Workbook

Sheet PERFILES PERSONAL-EYD
A2: Numero Perfil | B2: Tipo Proyecto | C2: CARGO | D2: PERFIL [No incluir filas ni columnas nuevas ya que esta formulado), diligenciar únicamente las columnas C,E,F,G con la información solicitada] | E2: PROFESION [Especificar la profesión y confirmar el titulo requerido con el MEN en la pagina https://hecaa.mineducacion.gov.co/consultaspublicas/programas] | F2: POSGRADO [Especificar el área del conocimiento del posgrado sin especificar particularidades como (Especialización, Maestría o Doctorado) y confirmar que existan programas de posgrados que apliquen al área solicitada en el MEN, en la pagina https://hecaa.mineducacion.gov.co/consultaspublicas/programas] | G2: EXP. ESPECIFICA Se recomienda enfocar la Experiencia Especifica, a partir de la Experiencia descrita en el personal Clave o definirla desde su concepto por las necesidades del proyecto.
A3: Personal Clave Debe ser aprobado por comité para Consultoría | H3: Fuente
A4: DIRECTOR
A5: 1 | B5: VIAS | C5: DIRECTOR DE CONSULTORÍA | D5: =CONCATENATE("PROFESION: ",E5,". Con título de POSGRADO en el área de: ",F5,". Con EXPERIENCIA ESPECIFICA: ",G5) -> PROFESION: Arquitecto o Ingeniero Civil o Ingeniero en Transportes y Vías o Ingeniero Topográfico, con tarjeta profesional vigente. Con título de POSGRADO en el área de: Gerencia de Proyectos o Gerencia de Construcción o posgrados afines al área de la ingeniería civil y la arquitectura. Con EXPERIENCIA ESPECIFICA: Como Director o Coordinador o Gerente en proyectos de Estudios y diseños o Interventoría de Estudios y Diseños o de obra para la construcción o rehabilitación o adecuación o ampliación o mejoramiento o Mantenimiento de Infraestructura vial Urbana o sistemas BRT para trafico automotor. | E5: Arquitecto o Ingeniero Civil o Ingeniero en Transportes y Vías o Ingeniero Topográfico, con tarjeta profesional vigente | F5: Gerencia de Proyectos o Gerencia de Construcción o posgrados afines al área de la ingeniería civil y la arquitectura | G5: Como Director o Coordinador o Gerente en proyectos de Estudios y diseños o Interventoría de Estudios y Diseños o de obra para la construcción o rehabilitación o adecuación o ampliación o mejoramiento o Mantenimiento de Infraestructura vial Urbana o sistemas BRT para trafico automotor. | H5: Comité 22 de 2020
A6: =A5+1 -> 2 | B6: ESPACIO PÚBLICO | C6: DIRECTOR DE CONSULTORÍA | D6: =CONCATENATE("PROFESION: ",E6,". Con título de POSGRADO en el área de: ",F6,". Con EXPERIENCIA ESPECIFICA: ",G6) -> PROFESION: Arquitecto o Ingeniero Civil o Ingeniero en Transportes y Vías o Ingeniero Topográfico, con tarjeta profesional vigente. Con título de POSGRADO en el área de: Gerencia de Proyectos o Gerencia de Construcción o posgrados afines al área de la ingeniería civil y la arquitectura. Con EXPERIENCIA ESPECIFICA: Como Director o Coordinador o Gerente en proyectos de Estudios y diseños o Interventoría de Estudios y Diseños para Construcción o Rehabilitación o Adecuación, o Ampliación o Mejoramiento o Mantenimiento de infraestructura Vial Urbana o de proyectos de Espacio Público (plazas, vías peatonales, andenes, controles ambientales de las vías arterias, alamedas y ciclorutas y red de transporte no motorizado) o sistemas BRT para tráfico automotor | E6: Arquitecto o Ingeniero Civil o Ingeniero en Transportes y Vías o Ingeniero Topográfico, con tarjeta profesional vigente | F6: Gerencia de Proyectos o Gerencia de Construcción o posgrados afines al área de la ingeniería civil y la arquitectura | G6: Como Director o Coordinador o Gerente en proyectos de Estudios y diseños o Interventoría de Estudios y Diseños para Construcción o Rehabilitación o Adecuación, o Ampliación o Mejoramiento o Mantenimiento de infraestructura Vial Urbana o de proyectos de Espacio Público (plazas, vías peatonales, andenes, controles ambientales de las vías arterias, alamedas y ciclorutas y red de transporte no motorizado) o sistemas BRT para tráfico automotor | H6: homologado al aprobado en Comité 22 de 2020
A7: =A6+1 -> 3 | B7: PUENTES | C7: DIRECTOR DE CONSULTORÍA | D7: =CONCATENATE("PROFESION: ",E7,". Con título de POSGRADO en el área de: ",F7,". Con EXPERIENCIA ESPECIFICA: ",G7) -> PROFESION: Arquitecto o Ingeniero Civil o Ingeniero en Transportes y Vías o Ingeniero Topográfico, con tarjeta profesional vigente. Con título de POSGRADO en el área de: Gerencia de Proyectos o Gerencia de Construcción o posgrados afines al área de la ingeniería civil y la arquitectura. Con EXPERIENCIA ESPECIFICA: Como Director o Coordinador o Gerente en proyectos de Estudios y diseños o Interventoría de Estudios y Diseños para la Construcción o Reforzamiento estructural de puentes vehiculares, peatonales o intersecciones a desnivel. | E7: Arquitecto o Ingeniero Civil o Ingeniero en Transportes y Vías o Ingeniero Topográfico, con tarjeta profesional vigente | F7: Gerencia de Proyectos o Gerencia de Construcción o posgrados afines al área de la ingeniería civil y la arquitectura | G7: Como Director o Coordinador o Gerente en proyectos de Estudios y diseños o Interventoría de Estudios y Diseños para la Construcción o Reforzamiento estructural de puentes vehiculares, peatonales o intersecciones a desnivel. | H7: homologado al aprobado en Comité 22 de 2020
A8: =A7+1 -> 4 | B8: ESTACIONES TM | C8: DIRECTOR DE CONSULTORÍA | D8: =CONCATENATE("PROFESION: ",E8,". Con título de POSGRADO en el área de: ",F8,". Con EXPERIENCIA ESPECIFICA: ",G8) -> PROFESION: Arquitecto o Ingeniero Civil o Ingeniero en Transportes y Vías o Ingeniero Topográfico, con tarjeta profesional vigente. Con título de POSGRADO en el área de: Gerencia de Proyectos o Gerencia de Construcción o posgrados afines al área de la ingeniería civil. Con EXPERIENCIA ESPECIFICA: Como Director o Coordinador o Gerente en proyectos de Estudios y diseños o Interventoría de Estudios y Diseños para la Construcción o Rehabilitación o Adecuación, o Ampliación o Mejoramiento o Mantenimiento de infraestructura Vial Urbana o BRT y de obras para la Construcción o Rehabilitación o Adecuación o Ampliación o Mantenimiento de estructuras metálicas con un área mayor a XXXX m2 | E8: Arquitecto o Ingeniero Civil o Ingeniero en Transportes y Vías o Ingeniero Topográfico, con tarjeta profesional vigente | F8: Gerencia de Proyectos o Gerencia de Construcción o posgrados afines al área de la ingeniería civil | G8: Como Director o Coordinador o Gerente en proyectos de Estudios y diseños o Interventoría de Estudios y Diseños para la Construcción o Rehabilitación o Adecuación, o Ampliación o Mejoramiento o Mantenimiento de infraestructura Vial Urbana o BRT y de obras para la Construcción o Rehabilitación o Adecuación o Ampliación o Mantenimiento de estructuras metálicas con un área mayor a XXXX m2 | H8: Estaciones G5
A9: =A8+1 -> 5 | B9: CABLE | C9: DIRECTOR DE CONSULTORÍA | D9: =CONCATENATE("PROFESION: ",E9,". Con título de POSGRADO en el área de: ",F9,". Con EXPERIENCIA ESPECIFICA: ",G9) -> PROFESION: Ingeniero Civil, Arquitecto, Ingeniero de Transporte y Vías, Ingeniero Electromecánico o Ingeniero Mecánico o Ingeniero Eléctrico o áreas afines a la Ingeniería Civil con tarjeta profesional vigente. Con título de POSGRADO en el área de: N/A. Con EXPERIENCIA ESPECIFICA: Como Director o Gerente en proyectos de Estudios y Diseños o Interventoría de Estudios y Diseños o Construcción o Interventoría de Construcción de proyectos de infraestructura vial o de transporte. Debe certificar experiencia como Director o Gerente en los proyectos antes mencionados en máximo tres contratos cuya sumatoria del valor de obra sea superior a COP $250.000.000.000 millones de pesos | E9: Ingeniero Civil, Arquitecto, Ingeniero de Transporte y Vías, Ingeniero Electromecánico o Ingeniero Mecánico o Ingeniero Eléctrico o áreas afines a la Ingeniería Civil con tarjeta profesional vigente | F9: N/A | G9: Como Director o Gerente en proyectos de Estudios y Diseños o Interventoría de Estudios y Diseños o Construcción o Interventoría de Construcción de proyectos de infraestructura vial o de transporte. Debe certificar experiencia como Director o Gerente en los proyectos antes mencionados en máximo tres contratos cuya sumatoria del valor de obra sea superior a COP $250.000.000.000 millones de pesos | H9: Anexo de personal de FAC EYD CABLE CENTRO HISTÓRICO
A10: =A9+1 -> 6 | B10: FERREO | C10: DIRECTOR DE CONSULTORÍA | D10: =CONCATENATE("PROFESION: ",E10,". Con título de POSGRADO en el área de: ",F10,". Con EXPERIENCIA ESPECIFICA: ",G10) -> PROFESION: Arquitecto o Ingeniero Civil o Ingeniero de Transporte y Vías o Ingeniero Topográfico, ingeniero ferroviario, o profesiones afines, con tarjeta profesional vigente.. Con título de POSGRADO en el área de: En Gerencia de Proyectos o posgrados afines al área de la ingeniería civil o la arquitectura o ferroviaria. Con EXPERIENCIA ESPECIFICA: Director o Coordinador o Gerente de estudios de prefactibilidad o factibilidad o estudios y diseños o interventoría de estudios de proyectos ferroviarios para pasajeros, o en proyectos de transporte para sistema BRT. Debe certificar la participación en, al menos un proyecto, como Director o Coordinador o Gerente de estudios de prefactibilidad o factibilidad o estudios y diseños o interventoría de estudios de proyectos ferroviarios para pasajeros. | E10: Arquitecto o Ingeniero Civil o Ingeniero de Transporte y Vías o Ingeniero Topográfico, ingeniero ferroviario, o profesiones afines, con tarjeta profesional vigente. | F10: En Gerencia de Proyectos o posgrados afines al área de la ingeniería civil o la arquitectura o ferroviaria | G10: Director o Coordinador o Gerente de estudios de prefactibilidad o factibilidad o estudios y diseños o interventoría de estudios de proyectos ferroviarios para pasajeros, o en proyectos de transporte para sistema BRT. Debe certificar la participación en, al menos un proyecto, como Director o Coordinador o Gerente de estudios de prefactibilidad o factibilidad o estudios y diseños o interventoría de estudios de proyectos ferroviarios para pasajeros. | H10: De Corredor Férreo del SUR
A11: =A10+1 -> 7 | B11: TALUDES | C11: DIRECTOR DE CONSULTORÍA | D11: =CONCATENATE("PROFESION: ",E11,". Con título de POSGRADO en el área de: ",F11,". Con EXPERIENCIA ESPECIFICA: ",G11) -> PROFESION: Ingeniero Civil o Ingeniero de Transporte y Vías con tarjeta profesional vigente.. Con título de POSGRADO en el área de: Vías o Gerencia de Proyectos o Gerencia de Construcción.. Con EXPERIENCIA ESPECIFICA: Como director o gerente en proyectos de Estudios y Diseños o Interventoría de Estudios y Diseños para la construcción o rehabilitación o adecuación o ampliación o mejoramiento o mantenimiento de proyectos de estabilización de taludes o de contención de taludes. | E11: Ingeniero Civil o Ingeniero de Transporte y Vías con tarjeta profesional vigente. | F11: Vías o Gerencia de Proyectos o Gerencia de Construcción. | G11: Como director o gerente en proyectos de Estudios y Diseños o Interventoría de Estudios y Diseños para la construcción o rehabilitación o adecuación o ampliación o mejoramiento o mantenimiento de proyectos de estabilización de taludes o de contención de taludes. | H11: De Estabilización de taludes la Calera
A12: COORDINADOR
A13: =A11+1 -> 8 | B13: VIAS | C13: COORDINADOR DE CONSULTORÍA | D13: =CONCATENATE("PROFESION: ",E13,". Con título de POSGRADO en el área de: ",F13,". Con EXPERIENCIA ESPECIFICA: ",G13) -> PROFESION: Arquitecto o Ingeniero Civil o Ingeniero en Transportes y Vías o Ingeniero Topográfico, con tarjeta profesional vigente. Con título de POSGRADO en el área de: Gerencia de Proyectos o Gerencia de Construcción o posgrados afines al área de la ingeniería civil y la arquitectura.. Con EXPERIENCIA ESPECIFICA: Experiencia específica como Director o Coordinador o residente en proyectos de Estudios y diseños o Interventoría de Estudios y Diseños para la construcción o rehabilitación o adecuación o ampliación o mejoramiento o Mantenimiento de Infraestructura vial Urbana o sistemas BRT para trafico automotor. | E13: Arquitecto o Ingeniero Civil o Ingeniero en Transportes y Vías o Ingeniero Topográfico, con tarjeta profesional vigente | F13: Gerencia de Proyectos o Gerencia de Construcción o posgrados afines al área de la ingeniería civil y la arquitectura. | G13: Experiencia específica como Director o Coordinador o residente en proyectos de Estudios y diseños o Interventoría de Estudios y Diseños para la construcción o rehabilitación o adecuación o ampliación o mejoramiento o Mantenimiento de Infraestructura vial Urbana o sistemas BRT para trafico automotor. | H13: Comité 22 de 2020
A14: =A13+1 -> 9 | B14: ESPACIO PÚBLICO | C14: COORDINADOR DE CONSULTORÍA | D14: =CONCATENATE("PROFESION: ",E14,". Con título de POSGRADO en el área de: ",F14,". Con EXPERIENCIA ESPECIFICA: ",G14) -> PROFESION: Arquitecto o Ingeniero Civil o Ingeniero en Transportes y Vías o Ingeniero Topográfico, con tarjeta profesional vigente. Con título de POSGRADO en el área de: Gerencia de Proyectos o Gerencia de Construcción o posgrados afines al área de la ingeniería civil y la arquitectura.. Con EXPERIENCIA ESPECIFICA: Como director o coordinador o gerente en proyectos de Estudios y Diseños o Interventoría de Estudios y Diseños o de obra para la Construcción o Rehabilitación o Adecuación o Ampliación o Mejoramiento o Mantenimiento de infraestructura vial urbana o de proyectos de Espacio Público (plazas, vías peatonales, andenes, controles ambientales de las vías arterias, alamedas y ciclorutas y red de transporte no motorizado) o sistemas BRT para tráfico automotor. | E14: Arquitecto o Ingeniero Civil o Ingeniero en Transportes y Vías o Ingeniero Topográfico, con tarjeta profesional vigente | F14: Gerencia de Proyectos o Gerencia de Construcción o posgrados afines al área de la ingeniería civil y la arquitectura. | G14: Como director o coordinador o gerente en proyectos de Estudios y Diseños o Interventoría de Estudios y Diseños o de obra para la Construcción o Rehabilitación o Adecuación o Ampliación o Mejoramiento o Mantenimiento de infraestructura vial urbana o de proyectos de Espacio Público (plazas, vías peatonales, andenes, controles ambientales de las vías arterias, alamedas y ciclorutas y red de transporte no motorizado) o sistemas BRT para tráfico automotor. | H14: Del anexo de personal de EYD Av Leon Trabuchi
A15: =A14+1 -> 10 | B15: PUENTES | C15: COORDINADOR DE CONSULTORÍA | D15: =CONCATENATE("PROFESION: ",E15,". Con título de POSGRADO en el área de: ",F15,". Con EXPERIENCIA ESPECIFICA: ",G15) -> PROFESION: Arquitecto o Ingeniero Civil o Ingeniero en Transportes y Vías o Ingeniero Topográfico, con tarjeta profesional vigente. Con título de POSGRADO en el área de: Gerencia de Proyectos o Gerencia de Construcción o posgrados afines al área de la ingeniería civil y la arquitectura. Con EXPERIENCIA ESPECIFICA: Director o Coordinador o Gerente en proyectos de Estudios y diseños o Interventoría de Estudios y Diseños para Construcción o Rehabilitación o Adecuación, o Ampliación o Mejoramiento o Mantenimiento de infraestructura Vial Urbana o de proyectos de Espacio Público (plazas, vías peatonales, andenes, controles ambientales de las vías arterias, alamedas y ciclorutas y red de transporte no motorizado) o sistemas BRT para tráfico automotor | E15: Arquitecto o Ingeniero Civil o Ingeniero en Transportes y Vías o Ingeniero Topográfico, con tarjeta profesional vigente | F15: Gerencia de Proyectos o Gerencia de Construcción o posgrados afines al área de la ingeniería civil y la arquitectura | G15: Director o Coordinador o Gerente en proyectos de Estudios y diseños o Interventoría de Estudios y Diseños para Construcción o Rehabilitación o Adecuación, o Ampliación o Mejoramiento o Mantenimiento de infraestructura Vial Urbana o de proyectos de Espacio Público (plazas, vías peatonales, andenes, controles ambientales de las vías arterias, alamedas y ciclorutas y red de transporte no motorizado) o sistemas BRT para tráfico automotor | H15: homologado al aprobado en Comité 22 de 2020
A16: =A15+1 -> 11 | B16: ESTACIONES TM | C16: COORDINADOR DE CONSULTORÍA | D16: =CONCATENATE("PROFESION: ",E16,". Con título de POSGRADO en el área de: ",F16,". Con EXPERIENCIA ESPECIFICA: ",G16) -> PROFESION: Arquitecto o Ingeniero Civil o Ingeniero en Transportes y Vías o Ingeniero Topográfico, con tarjeta profesional vigente.. Con título de POSGRADO en el área de: N/A. Con EXPERIENCIA ESPECIFICA: Director o Coordinador o Residente en proyectos de Estudios y diseños o Interventoría de Estudios y Diseños para la Construcción o Rehabilitación o Adecuación, o Ampliación o Mejoramiento o Mantenimiento de infraestructura Vial Urbana o BRT y de obras para la Construcción o Rehabilitación o Adecuación o Ampliación o Mantenimiento de estructuras metálicas con un área mayor a XXX m2 | E16: Arquitecto o Ingeniero Civil o Ingeniero en Transportes y Vías o Ingeniero Topográfico, con tarjeta profesional vigente. | F16: N/A | G16: Director o Coordinador o Residente en proyectos de Estudios y diseños o Interventoría de Estudios y Diseños para la Construcción o Rehabilitación o Adecuación, o Ampliación o Mejoramiento o Mantenimiento de infraestructura Vial Urbana o BRT y de obras para la Construcción o Rehabilitación o Adecuación o Ampliación o Mantenimiento de estructuras metálicas con un área mayor a XXX m2 | H16: Estaciones G5
A17: =A16+1 -> 12 | B17: CABLE | C17: COORDINADOR DE CONSULTORÍA | D17: =CONCATENATE("PROFESION: ",E17,". Con título de POSGRADO en el área de: ",F17,". Con EXPERIENCIA ESPECIFICA: ",G17) -> PROFESION: Ingeniero Civil, Arquitecto, Ingeniero de Transporte y Vías, Ingeniero Electromecánico o Ingeniero Mecánico o Ingeniero Eléctrico o áreas afines a la Ingeniería Civil con tarjeta profesional vigente.. Con título de POSGRADO en el área de: N/A. Con EXPERIENCIA ESPECIFICA: Como Director o Gerente o coordinador o supervisor en proyectos de Estudios y Diseños o Interventoría de Estudios y Diseños o Construcción o Interventoría de Construcción de proyectos de infraestructura vial o de transporte. Debe certificar experiencia como Director o Gerente o coordinador o supervisor en los proyectos antes mencionados en máximo tres contratos cuya sumatoria del valor de obra sea superior a COP $150,000,000,000 millones de pesos. | E17: Ingeniero Civil, Arquitecto, Ingeniero de Transporte y Vías, Ingeniero Electromecánico o Ingeniero Mecánico o Ingeniero Eléctrico o áreas afines a la Ingeniería Civil con tarjeta profesional vigente. | F17: N/A | G17: Como Director o Gerente o coordinador o supervisor en proyectos de Estudios y Diseños o Interventoría de Estudios y Diseños o Construcción o Interventoría de Construcción de proyectos de infraestructura vial o de transporte. Debe certificar experiencia como Director o Gerente o coordinador o supervisor en los proyectos antes mencionados en máximo tres contratos cuya sumatoria del valor de obra sea superior a COP $150,000,000,000 millones de pesos. | H17: Anexo de personal de FAC EYD CABLE CENTRO HISTÓRICO
A18: =A17+1 -> 13 | B18: FERREO | C18: COORDINADOR DE CONSULTORÍA | D18: =CONCATENATE("PROFESION: ",E18,". Con título de POSGRADO en el área de: ",F18,". Con EXPERIENCIA ESPECIFICA: ",G18) -> PROFESION: Arquitecto o Ingeniero Civil o Ingeniero de Transporte y Vías o Ingeniero Topográfico, ingeniero ferroviario, o profesiones afines, con tarjeta profesional vigente.. Con título de POSGRADO en el área de: En Gerencia de Proyectos o posgrados afines al área de la ingeniería civil o la arquitectura o ferroviaria. Con EXPERIENCIA ESPECIFICA: Director o Coordinador o Gerente de estudios de prefactibilidad o factibilidad o estudios y diseños o interventoría de estudios de proyectos ferroviarios para pasajeros, o en proyectos de transporte para sistema BRT. Debe certificar la participación en, al menos un proyecto, como Director o Coordinador o Gerente de estudios de prefactibilidad o factibilidad o estudios y diseños o interventoría de estudios de proyectos ferroviarios para pasajeros. | E18: Arquitecto o Ingeniero Civil o Ingeniero de Transporte y Vías o Ingeniero Topográfico, ingeniero ferroviario, o profesiones afines, con tarjeta profesional vigente. | F18: En Gerencia de Proyectos o posgrados afines al área de la ingeniería civil o la arquitectura o ferroviaria | G18: Director o Coordinador o Gerente de estudios de prefactibilidad o factibilidad o estudios y diseños o interventoría de estudios de proyectos ferroviarios para pasajeros, o en proyectos de transporte para sistema BRT. Debe certificar la participación en, al menos un proyecto, como Director o Coordinador o Gerente de estudios de prefactibilidad o factibilidad o estudios y diseños o interventoría de estudios de proyectos ferroviarios para pasajeros. | H18: De Corredor Férreo del SUR
A19: =A18+1 -> 14 | B19: TALUDES | C19: COORDINADOR DE CONSULTORÍA | D19: =CONCATENATE("PROFESION: ",E19,". Con título de POSGRADO en el área de: ",F19,". Con EXPERIENCIA ESPECIFICA: ",G19) -> PROFESION: Ingeniero Civil o Ingeniero de Transporte y Vías con tarjeta profesional vigente.. Con título de POSGRADO en el área de: Vías o Gerencia de Proyectos o Gerencia de Construcción.. Con EXPERIENCIA ESPECIFICA: Como director o gerente en proyectos de Estudios y Diseños o Interventoría de Estudios y Diseños para la construcción o rehabilitación o adecuación o ampliación o mejoramiento o mantenimiento de proyectos de estabilización de taludes o de contención de taludes. | E19: Ingeniero Civil o Ingeniero de Transporte y Vías con tarjeta profesional vigente. | F19: Vías o Gerencia de Proyectos o Gerencia de Construcción. | G19: Como director o gerente en proyectos de Estudios y Diseños o Interventoría de Estudios y Diseños para la construcción o rehabilitación o adecuación o ampliación o mejoramiento o mantenimiento de proyectos de estabilización de taludes o de contención de taludes. | H19: De Estabilización de taludes la Calera
A20: RESIDENTE
A21: 179 | B21: VIAS | C21: RESIDENTE DE OBRA | D21: =CONCATENATE("PROFESION: ",E21,". Con título de POSGRADO en el área de: ",F21,". Con EXPERIENCIA ESPECIFICA: ",G21) -> PROFESION: Arquitecto o Ingeniero Civil o Ingeniero en Transportes y Vías o Ingeniero Topográfico, con tarjeta profesional vigente. Con título de POSGRADO en el área de: NA. Con EXPERIENCIA ESPECIFICA: Experiencia específica como Director o Coordinador o residente en proyectos de Estudios y diseños o Interventoría de Estudios y Diseños para la construcción o rehabilitación o adecuación o ampliación o mejoramiento o Mantenimiento de Infraestructura vial Urbana o sistemas BRT para trafico automotor. | E21: Arquitecto o Ingeniero Civil o Ingeniero en Transportes y Vías o Ingeniero Topográfico, con tarjeta profesional vigente | F21: NA | G21: Experiencia específica como Director o Coordinador o residente en proyectos de Estudios y diseños o Interventoría de Estudios y Diseños para la construcción o rehabilitación o adecuación o ampliación o mejoramiento o Mantenimiento de Infraestructura vial Urbana o sistemas BRT para trafico automotor. | H21: Comité 22 de 2020
A22: ESPECIALISTAS CLAVES
A23: =A19+1 -> 15 | B23: VIAS | C23: ESPECIALISTA EN DISEÑO GEOMÉTRICO | D23: =CONCATENATE("PROFESION: ",E23,". Con título de POSGRADO en el área de: ",F23,". Con EXPERIENCIA ESPECIFICA: ",G23) -> PROFESION: Ingeniero Civil, Ingeniero de Transporte y Vías, con tarjeta profesional vigente. . Con título de POSGRADO en el área de: Énfasis en temas afines con el diseño geométrico de vías.. Con EXPERIENCIA ESPECIFICA: En proyectos de Estudios y Diseños o Interventoría de Estudios y Diseños para la construcción o rehabilitación o adecuación o ampliación o mejoramiento o mantenimiento de Infraestructura vial Urbana o sistemas BRT para tráfico automotor, como Especialista en Diseño Geométrico | E23: Ingeniero Civil, Ingeniero de Transporte y Vías, con tarjeta profesional vigente. | F23: Énfasis en temas afines con el diseño geométrico de vías. | G23: En proyectos de Estudios y Diseños o Interventoría de Estudios y Diseños para la construcción o rehabilitación o adecuación o ampliación o mejoramiento o mantenimiento de Infraestructura vial Urbana o sistemas BRT para tráfico automotor, como Especialista en Diseño Geométrico | H23: De EYD Av Villas
A24: =+A23+1 -> 16 | B24: ESPACIO PÚBLICO | C24: ESPECIALISTA EN URBANISMO Y ESPACIO PÚBLICO | D24: =CONCATENATE("PROFESION: ",E24,". Con título de POSGRADO en el área de: ",F24,". Con EXPERIENCIA ESPECIFICA: ",G24) -> PROFESION: Arquitecto, con tarjeta profesional vigente. Con título de POSGRADO en el área de: Urbanismo y/o Diseño Urbano y/o Arquitectura. Con EXPERIENCIA ESPECIFICA: En proyectos de Estudios y Diseños o Interventoría de Estudios y Diseños para la Construcción o Rehabilitación o Adecuación o Ampliación o Mejoramiento o Mantenimiento de infraestructura vial urbana o de proyectos de Espacio Público (plazas, vías peatonales, andenes, controles ambientales de las vías arterias, alamedas y ciclorutas y red de transporte no motorizado) o sistemas BRT para tráfico automotor, como ESPECIALISTA EN URBANISMO O DISEÑO URBANO. | E24: Arquitecto, con tarjeta profesional vigente | F24: Urbanismo y/o Diseño Urbano y/o Arquitectura | G24: En proyectos de Estudios y Diseños o Interventoría de Estudios y Diseños para la Construcción o Rehabilitación o Adecuación o Ampliación o Mejoramiento o Mantenimiento de infraestructura vial urbana o de proyectos de Espacio Público (plazas, vías peatonales, andenes, controles ambientales de las vías arterias, alamedas y ciclorutas y red de transporte no motorizado) o sistemas BRT para tráfico automotor, como ESPECIALISTA EN URBANISMO O DISEÑO URBANO. | H24: De EYD Leon trabuchi
A25: =+A24+1 -> 17 | B25: PUENTES | C25: ESPECIALISTA EN ESTRUCTURAS | D25: =CONCATENATE("PROFESION: ",E25,". Con título de POSGRADO en el área de: ",F25,". Con EXPERIENCIA ESPECIFICA: ",G25) -> PROFESION: Ingeniero Civil, con tarjeta profesional vigente. Con título de POSGRADO en el área de: Estructuras. Con EXPERIENCIA ESPECIFICA: En proyectos de Estudios y Diseños o Interventoría de Estudios y Diseños para la Construcción o Reforzamiento estructural de puentes vehiculares, peatonales o intersecciones a desnivel, como ESPECIALISTA EN ESTRUCTURAS | E25: Ingeniero Civil, con tarjeta profesional vigente | F25: Estructuras | G25: En proyectos de Estudios y Diseños o Interventoría de Estudios y Diseños para la Construcción o Reforzamiento estructural de puentes vehiculares, peatonales o intersecciones a desnivel, como ESPECIALISTA EN ESTRUCTURAS | H25: De mixto Puente calle 174
A26: =+A25+1 -> 18 | B26: ESTACIONES TM | C26: ESPECIALISTA EN ESTRUCTURAS | D26: =CONCATENATE("PROFESION: ",E26,". Con título de POSGRADO en el área de: ",F26,". Con EXPERIENCIA ESPECIFICA: ",G26) -> PROFESION: Ingeniero Civil con tarjeta profesional vigente. Con título de POSGRADO en el área de: Estructuras. Con EXPERIENCIA ESPECIFICA: En proyectos de Estudios y diseños o Interventoría de Estudios y Diseños para la Construcción o Rehabilitación o Adecuación o Ampliación o Mantenimiento de estructuras metálicas con un área mayor a XXXXm2, como Especialista en Estructuras | E26: Ingeniero Civil con tarjeta profesional vigente | F26: Estructuras | G26: En proyectos de Estudios y diseños o Interventoría de Estudios y Diseños para la Construcción o Rehabilitación o Adecuación o Ampliación o Mantenimiento de estructuras metálicas con un área mayor a XXXXm2, como Especialista en Estructuras | H26: De Estaciones G5
A27: =+A26+1 -> 19 | B27: TALUDES | C27: ESPECIALISTA EN GEOTECNIA | D27: =CONCATENATE("PROFESION: ",E27,". Con título de POSGRADO en el área de: ",F27,". Con EXPERIENCIA ESPECIFICA: ",G27) -> PROFESION: Ingeniero Civil o Ingeniero de Transporte y Vías, con tarjeta profesional vigente. Con título de POSGRADO en el área de: Geotecnia. Con EXPERIENCIA ESPECIFICA: En proyectos de Estudios y Diseños para la Construcción o Reforzamiento estructural de elementos de contención | E27: Ingeniero Civil o Ingeniero de Transporte y Vías, con tarjeta profesional vigente | F27: Geotecnia | G27: En proyectos de Estudios y Diseños para la Construcción o Reforzamiento estructural de elementos de contención | H27: De Estabilización de taludes la Calera
A28: =+A27+1 -> 20 | B28: CABLE | C28: ESPECIALISTA ELECTROMECANICO | D28: =CONCATENATE("PROFESION: ",E28,". Con título de POSGRADO en el área de: ",F28,". Con EXPERIENCIA ESPECIFICA: ",G28) -> PROFESION: Ingeniero mecánico, Ingeniero electrónico, Ingeniero electromecánico o Ingeniero mecatrónico o Ingeniero Eléctrico, o áreas afines a la Ingeniería Eléctrica.. Con título de POSGRADO en el área de: N/A. Con EXPERIENCIA ESPECIFICA: En proyectos de diseño o interventoría de diseño o construcción o interventoría de construcción o montaje o puesta en marcha de sistemas de sistemas de transporte por cable aéreo, como Especialista Electromecánico . Debe certificar experiencia como especialista Electromecánico en proyectos de diseño o interventoría de diseño o construcción o interventoría de construcción o montaje o puesta en marcha en proyectos de sistemas de transporte por cable aéreo en mínimo dos contratos y por lo menos uno de ellos con capacidad superior a 2000 pasajeros-hora-sentido. | E28: Ingeniero mecánico, Ingeniero electrónico, Ingeniero electromecánico o Ingeniero mecatrónico o Ingeniero Eléctrico, o áreas afines a la Ingeniería Eléctrica. | F28: N/A | G28: En proyectos de diseño o interventoría de diseño o construcción o interventoría de construcción o montaje o puesta en marcha de sistemas de sistemas de transporte por cable aéreo, como Especialista Electromecánico . Debe certificar experiencia como especialista Electromecánico en proyectos de diseño o interventoría de diseño o construcción o interventoría de construcción o montaje o puesta en marcha en proyectos de sistemas de transporte por cable aéreo en mínimo dos contratos y por lo menos uno de ellos con capacidad superior a 2000 pasajeros-hora-sentido. | H28: Anexo de personal de FAC EYD CABLE San Cristóbal
A29: =+A28+1 -> 21 | B29: FERREO | C29: ESPECIALISTA EN INGENIERIA FERRROVIARIA | D29: =CONCATENATE("PROFESION: ",E29,". Con título de POSGRADO en el área de: ",F29,". Con EXPERIENCIA ESPECIFICA: ",G29) -> PROFESION: Ingenieros Civiles o Mecánicos o Eléctricos, Ingeniería Mecatrónicas o Industriales o Ingenieros de Vías y Transporte o ingenierías afines. Con título de POSGRADO en el área de: En ingeniería ferroviaria o sistemas ferroviarios y tracción eléctrica o en Construcción, Mantenimiento y Explotación de Metros, Tranvías y Ferrocarriles Urbanos o Mantenimiento ferroviario o Construcción y Mantenimiento de Infraestructuras e Instalaciones de Líneas Ferroviarias o postgrados afines. Con EXPERIENCIA ESPECIFICA: En proyectos de estudios de prefactibilidad o factibilidad o estudios y diseños o interventoría de estudios de proyectos ferroviarios para pasajeros. Al menos un contrato debe acreditar la experiencia a nivel internacional, como especialista en ingeniera ferroviaria | E29: Ingenieros Civiles o Mecánicos o Eléctricos, Ingeniería Mecatrónicas o Industriales o Ingenieros de Vías y Transporte o ingenierías afines | F29: En ingeniería ferroviaria o sistemas ferroviarios y tracción eléctrica o en Construcción, Mantenimiento y Explotación de Metros, Tranvías y Ferrocarriles Urbanos o Mantenimiento ferroviario o Construcción y Mantenimiento de Infraestructuras e Instalaciones de Líneas Ferroviarias o postgrados afines | G29: En proyectos de estudios de prefactibilidad o factibilidad o estudios y diseños o interventoría de estudios de proyectos ferroviarios para pasajeros. Al menos un contrato debe acreditar la experiencia a nivel internacional, como especialista en ingeniera ferroviaria | H29: De Corredor Férreo del SUR
A30: =+A29+1 -> 22 | B30: GENERAL | C30: ESPECIALISTA EN REDES HIDROSANITARIAS | D30: =CONCATENATE("PROFESION: ",E30,". Con título de POSGRADO en el área de: ",F30,". Con EXPERIENCIA ESPECIFICA: ",G30) -> PROFESION: Ingeniero Civil, Ingeniero Sanitario, Ingeniero Hidráulico, Ingeniero en Recursos Hídricos, Ingeniero Ambiental con tarjeta profesional vigente.. Con título de POSGRADO en el área de: Hidráulica, Recursos Hidráulicos, Recursos Hídricos, Saneamiento Ambiental o similar. Con EXPERIENCIA ESPECIFICA: En proyectos de Estudios y Diseños o Interventoría de Estudios y Diseños para la Construcción o Rehabilitación o Adecuación o Ampliación o Mejoramiento o Mantenimiento de infraestructura vial urbana o de proyectos de Espacio Público (plazas, vías peatonales, andenes, controles ambientales de las vías arterias, alamedas y ciclorutas y red de transporte no motorizado) o sistemas BRT para tráfico automotor, como ESPECIALISTA EN REDES HIDROSANITARIAS. | E30: Ingeniero Civil, Ingeniero Sanitario, Ingeniero Hidráulico, Ingeniero en Recursos Hídricos, Ingeniero Ambiental con tarjeta profesional vigente. | F30: Hidráulica, Recursos Hidráulicos, Recursos Hídricos, Saneamiento Ambiental o similar | G30: En proyectos de Estudios y Diseños o Interventoría de Estudios y Diseños para la Construcción o Rehabilitación o Adecuación o Ampliación o Mejoramiento o Mantenimiento de infraestructura vial urbana o de proyectos de Espacio Público (plazas, vías peatonales, andenes, controles ambientales de las vías arterias, alamedas y ciclorutas y red de transporte no motorizado) o sistemas BRT para tráfico automotor, como ESPECIALISTA EN REDES HIDROSANITARIAS. | H30: De EYD Leon trabuchi
A31: LEGAL
A32: =A30+1 -> 23 | B32: INTV | C32: ESPECIALISTA LEGAL | D32: =CONCATENATE("PROFESION: ",E32,". Con título de POSGRADO en el área de: ",F32,". Con EXPERIENCIA ESPECIFICA: ",G32) -> PROFESION: Abogado, con tarjeta profesional vigente. Con título de POSGRADO en el área de: En temas relacionados con derecho administrativo, contratación estatal, derecho público y/o gestión pública.. Con EXPERIENCIA ESPECIFICA: En actividades de asesoría contractual en contratos de infraestructura vial y/o de transporte. | E32: Abogado, con tarjeta profesional vigente | F32: En temas relacionados con derecho administrativo, contratación estatal, derecho público y/o gestión pública. | G32: En actividades de asesoría contractual en contratos de infraestructura vial y/o de transporte. | H32: De INTV EYD Av Villas
A33: FINANCIERO
A34: =A32+1 -> 24 | B34: INTV | C34: ESPECIALISTA FINANCIERO | D34: =CONCATENATE("PROFESION: ",E34,". Con título de POSGRADO en el área de: ",F34,". Con EXPERIENCIA ESPECIFICA: ",G34) -> PROFESION: Economista, Administrador de Empresas, Ingeniero Industrial, Administrador Financiero.. Con título de POSGRADO en el área de: Ciencias económicas y administrativas, finanzas y afines.. Con EXPERIENCIA ESPECIFICA: En revisión y aprobación de pagos y seguimiento financiero a contratos de infraestructura vial y/o de transporte | E34: Economista, Administrador de Empresas, Ingeniero Industrial, Administrador Financiero. | F34: Ciencias económicas y administrativas, finanzas y afines. | G34: En revisión y aprobación de pagos y seguimiento financiero a contratos de infraestructura vial y/o de transporte | H34: De INTV EYD Av Villas
A35: CONTABLE
A36: =A34+1 -> 25 | B36: INTV | C36: PROFESIONAL CONTABLE | D36: =CONCATENATE("PROFESION: ",E36,". Con título de POSGRADO en el área de: ",F36,". Con EXPERIENCIA ESPECIFICA: ",G36) -> PROFESION: Contaduría pública. Con título de POSGRADO en el área de: N/A. Con EXPERIENCIA ESPECIFICA: Administrativa y contable o revisoría fiscal o tributaria en proyectos de estructuración y/o interventoría y/o construcción y/o mantenimiento y/o concesiones en infraestructura de transporte y/o banca de inversiones y/o Mercado de Capitales y/o Project Finance para proyectos públicos. | E36: Contaduría pública | F36: N/A | G36: Administrativa y contable o revisoría fiscal o tributaria en proyectos de estructuración y/o interventoría y/o construcción y/o mantenimiento y/o concesiones en infraestructura de transporte y/o banca de inversiones y/o Mercado de Capitales y/o Project Finance para proyectos públicos. | H36: De INTV EYD Av Villas
A37: PERSONAL ADICIONAL AL CLAVE
A38: TOPOGRAFÍA
A39: =A36+1 -> 26 | B39: VIAS | C39: Ingeniero Catastral o Topográfico | D39: =CONCATENATE("PROFESION: ",E39,". Con título de POSGRADO en el área de: ",F39,". Con EXPERIENCIA ESPECIFICA: ",G39) -> PROFESION: Ingeniero Topográfico o Ingeniero Catastral y Geodesta con tarjeta profesional vigente.. Con título de POSGRADO en el área de: N/A. Con EXPERIENCIA ESPECIFICA: ESPECIALISTA EN TOPOGRAFÍA O INGENIERO TOPOGRÁFICO O COORDINADOR DE TOPOGRAFÍA en control de obra civil, o Interventoría para la Construcción o Rehabilitación o Adecuación, o Ampliación o Mejoramiento o Mantenimiento de infraestructura Vial Urbana para tráfico automotor o sistema BRT o vías nacionales de primer orden, o en proyectos de Espacio Público (plazas, vías peatonales, andenes, controles ambientales de las vías arterias, alamedas y ciclorutas y red de transporte no motorizado). | E39: Ingeniero Topográfico o Ingeniero Catastral y Geodesta con tarjeta profesional vigente. | F39: N/A | G39: ESPECIALISTA EN TOPOGRAFÍA O INGENIERO TOPOGRÁFICO O COORDINADOR DE TOPOGRAFÍA en control de obra civil, o Interventoría para la Construcción o Rehabilitación o Adecuación, o Ampliación o Mejoramiento o Mantenimiento de infraestructura Vial Urbana para tráfico automotor o sistema BRT o vías nacionales de primer orden, o en proyectos de Espacio Público (plazas, vías peatonales, andenes, controles ambientales de las vías arterias, alamedas y ciclorutas y red de transporte no motorizado).
A40: =A39+1 -> 27 | D40: =CONCATENATE("PROFESION: ",E40,". Con título de POSGRADO en el área de: ",F40,". Con EXPERIENCIA ESPECIFICA: ",G40) -> PROFESION: . Con título de POSGRADO en el área de: . Con EXPERIENCIA ESPECIFICA:
A41: =A40+1 -> 28 | D41: =CONCATENATE("PROFESION: ",E41,". Con título de POSGRADO en el área de: ",F41,". Con EXPERIENCIA ESPECIFICA: ",G41) -> PROFESION: . Con título de POSGRADO en el área de: . Con EXPERIENCIA ESPECIFICA:
A42: =A41+1 -> 29 | D42: =CONCATENATE("PROFESION: ",E42,". Con título de POSGRADO en el área de: ",F42,". Con EXPERIENCIA ESPECIFICA: ",G42) -> PROFESION: . Con título de POSGRADO en el área de: . Con EXPERIENCIA ESPECIFICA:
A43: =A42+1 -> 30 | D43: =CONCATENATE("PROFESION: ",E43,". Con título de POSGRADO en el área de: ",F43,". Con EXPERIENCIA ESPECIFICA: ",G43) -> PROFESION: . Con título de POSGRADO en el área de: . Con EXPERIENCIA ESPECIFICA:
A44: =A43+1 -> 31 | D44: =CONCATENATE("PROFESION: ",E44,". Con título de POSGRADO en el área de: ",F44,". Con EXPERIENCIA ESPECIFICA: ",G44) -> PROFESION: . Con título de POSGRADO en el área de: . Con EXPERIENCIA ESPECIFICA:
A45: =A44+1 -> 32 | D45: =CONCATENATE("PROFESION: ",E45,". Con título de POSGRADO en el área de: ",F45,". Con EXPERIENCIA ESPECIFICA: ",G45) -> PROFESION: . Con título de POSGRADO en el área de: . Con EXPERIENCIA ESPECIFICA:
A46: =A45+1 -> 33 | D46: =CONCATENATE("PROFESION: ",E46,". Con título de POSGRADO en el área de: ",F46,". Con EXPERIENCIA ESPECIFICA: ",G46) -> PROFESION: . Con título de POSGRADO en el área de: . Con EXPERIENCIA ESPECIFICA:
A47: =A46+1 -> 34 | D47: =CONCATENATE("PROFESION: ",E47,". Con título de POSGRADO en el área de: ",F47,". Con EXPERIENCIA ESPECIFICA: ",G47) -> PROFESION: . Con título de POSGRADO en el área de: . Con EXPERIENCIA ESPECIFICA:
A48: =A47+1 -> 35 | D48: =CONCATENATE("PROFESION: ",E48,". Con título de POSGRADO en el área de: ",F48,". Con EXPERIENCIA ESPECIFICA: ",G48) -> PROFESION: . Con título de POSGRADO en el área de: . Con EXPERIENCIA ESPECIFICA:
A49: ELECTRO MECÁNICO
A50: =A48+1 -> 36 | B50: CABLE | C50: ESPECIALISTA ELECTRO MECÁNICO | D50: =CONCATENATE("PROFESION: ",E50,". Con título de POSGRADO en el área de: ",F50,". Con EXPERIENCIA ESPECIFICA: ",G50) -> PROFESION: Ingeniero mecánico, Ingeniero electrónico, Ingeniero electromecánico o Ingeniero mecatrónico o Ingeniero Eléctrico, o áreas afines a la Ingeniería Eléctrica.. Con título de POSGRADO en el área de: N/A. Con EXPERIENCIA ESPECIFICA: Debe certificar experiencia como especialista Electromecánico en proyectos de diseño o interventoría de diseño o construcción o interventoría de construcción o montaje o puesta en marcha en proyectos de sistemas de transporte por cable aéreo en mínimo dos contratos y por lo menos uno de ellos con capacidad superior a 2000 pasajeros-hora-sentido. | E50: Ingeniero mecánico, Ingeniero electrónico, Ingeniero electromecánico o Ingeniero mecatrónico o Ingeniero Eléctrico, o áreas afines a la Ingeniería Eléctrica. | F50: N/A | G50: Debe certificar experiencia como especialista Electromecánico en proyectos de diseño o interventoría de diseño o construcción o interventoría de construcción o montaje o puesta en marcha en proyectos de sistemas de transporte por cable aéreo en mínimo dos contratos y por lo menos uno de ellos con capacidad superior a 2000 pasajeros-hora-sentido. | H50: Anexo de personal de FAC EYD CABLE CENTRO HISTÓRICO
A51: =A50+1 -> 37 | B51: CABLE | C51: Especialista en Equipos Electromecánicos de Edificaciones | D51: =CONCATENATE("PROFESION: ",E51,". Con título de POSGRADO en el área de: ",F51,". Con EXPERIENCIA ESPECIFICA: ",G51) -> PROFESION: Ingeniero mecánico, Ingeniero electrónico, Ingeniero electromecánico o Ingeniero mecatrónico o Ingeniero Eléctrico. Con título de POSGRADO en el área de: N/A. Con EXPERIENCIA ESPECIFICA: Como Especialista Electromecánico en proyectos de diseño y construcción de edificaciones. Deberá acreditar al menos tres contratos como especialista electromecánico de edificaciones indispensables (Grupo IV NSR-10). | E51: Ingeniero mecánico, Ingeniero electrónico, Ingeniero electromecánico o Ingeniero mecatrónico o Ingeniero Eléctrico | F51: N/A | G51: Como Especialista Electromecánico en proyectos de diseño y construcción de edificaciones. Deberá acreditar al menos tres contratos como especialista electromecánico de edificaciones indispensables (Grupo IV NSR-10). | H51: Anexo de personal de FAC EYD CABLE CENTRO HISTÓRICO
A52: =A51+1 -> 38 | B52: CABLE | C52: Especialista en sistemas eléctricos y subestaciones | D52: =CONCATENATE("PROFESION: ",E52,". Con título de POSGRADO en el área de: ",F52,". Con EXPERIENCIA ESPECIFICA: ",G52) -> PROFESION: Ingeniero Eléctrico o Electricista, con tarjeta profesional vigente. Con título de POSGRADO en el área de: N/A. Con EXPERIENCIA ESPECIFICA: Especialista en sistemas eléctricos y subestaciones, protección eléctrica y control electrónico de motores, transferencias, automáticas de potencia y respaldo en contratos que hayan tenido por objeto o incluido en su alcance el diseño de sistemas eléctricos de proyectos tipo Cable o Sistemas de transporte férreo. | E52: Ingeniero Eléctrico o Electricista, con tarjeta profesional vigente | F52: N/A | G52: Especialista en sistemas eléctricos y subestaciones, protección eléctrica y control electrónico de motores, transferencias, automáticas de potencia y respaldo en contratos que hayan tenido por objeto o incluido en su alcance el diseño de sistemas eléctricos de proyectos tipo Cable o Sistemas de transporte férreo. | H52: Anexo de personal de FAC EYD CABLE CENTRO HISTÓRICO
A53: =A52+1 -> 39 | B53: CABLE | C53: Especialista en sistemas contra incendios y seguridad humana | D53: =CONCATENATE("PROFESION: ",E53,". Con título de POSGRADO en el área de: ",F53,". Con EXPERIENCIA ESPECIFICA: ",G53) -> PROFESION: Ingeniero con tarjeta profesional vigente. Con título de POSGRADO en el área de: N/A. Con EXPERIENCIA ESPECIFICA: Especialista en diseño, instalación, puesta en marcha, de sistemas de protección Contra Incendios para edificaciones o sistemas para protección de riesgos especiales. El especialista deberá presentar la certificación en protección de incendios CEPI de la NFPA o su equivalente CFPS de la NFPA. Deberá acreditar al menos tres contratos como especialista en sistemas contra incendios y seguridad humana de edificaciones indispensables (Grupo IV NSR-10). | E53: Ingeniero con tarjeta profesional vigente | F53: N/A | G53: Especialista en diseño, instalación, puesta en marcha, de sistemas de protección Contra Incendios para edificaciones o sistemas para protección de riesgos especiales. El especialista deberá presentar la certificación en protección de incendios CEPI de la NFPA o su equivalente CFPS de la NFPA. Deberá acreditar al menos tres contratos como especialista en sistemas contra incendios y seguridad humana de edificaciones indispensables (Grupo IV NSR-10). | H53: Anexo de personal de FAC EYD CABLE CENTRO HISTÓRICO
A54: PREDIOS
A55: =+A53+1 -> 40 | D55: =CONCATENATE("PROFESION: ",E55,". Con título de POSGRADO en el área de: ",F55,". Con EXPERIENCIA ESPECIFICA: ",G55) -> PROFESION: . Con título de POSGRADO en el área de: . Con EXPERIENCIA ESPECIFICA:
A56: =A55+1 -> 41 | D56: =CONCATENATE("PROFESION: ",E56,". Con título de POSGRADO en el área de: ",F56,". Con EXPERIENCIA ESPECIFICA: ",G56) -> PROFESION: . Con título de POSGRADO en el área de: . Con EXPERIENCIA ESPECIFICA:
A57: =A56+1 -> 42 | D57: =CONCATENATE("PROFESION: ",E57,". Con título de POSGRADO en el área de: ",F57,". Con EXPERIENCIA ESPECIFICA: ",G57) -> PROFESION: . Con título de POSGRADO en el área de: . Con EXPERIENCIA ESPECIFICA:
A58: =A57+1 -> 43 | D58: =CONCATENATE("PROFESION: ",E58,". Con título de POSGRADO en el área de: ",F58,". Con EXPERIENCIA ESPECIFICA: ",G58) -> PROFESION: . Con título de POSGRADO en el área de: . Con EXPERIENCIA ESPECIFICA:
A59: =A58+1 -> 44 | D59: =CONCATENATE("PROFESION: ",E59,". Con título de POSGRADO en el área de: ",F59,". Con EXPERIENCIA ESPECIFICA: ",G59) -> PROFESION: . Con título de POSGRADO en el área de: . Con EXPERIENCIA ESPECIFICA:
A60: =A59+1 -> 45 | D60: =CONCATENATE("PROFESION: ",E60,". Con título de POSGRADO en el área de: ",F60,". Con EXPERIENCIA ESPECIFICA: ",G60) -> PROFESION: . Con título de POSGRADO en el área de: . Con EXPERIENCIA ESPECIFICA:
A61: =A60+1 -> 46 | D61: =CONCATENATE("PROFESION: ",E61,". Con título de POSGRADO en el área de: ",F61,". Con EXPERIENCIA ESPECIFICA: ",G61) -> PROFESION: . Con título de POSGRADO en el área de: . Con EXPERIENCIA ESPECIFICA:
A62: =A61+1 -> 47 | D62: =CONCATENATE("PROFESION: ",E62,". Con título de POSGRADO en el área de: ",F62,". Con EXPERIENCIA ESPECIFICA: ",G62) -> PROFESION: . Con título de POSGRADO en el área de: . Con EXPERIENCIA ESPECIFICA:
A63: =A62+1 -> 48 | D63: =CONCATENATE("PROFESION: ",E63,". Con título de POSGRADO en el área de: ",F63,". Con EXPERIENCIA ESPECIFICA: ",G63) -> PROFESION: . Con título de POSGRADO en el área de: . Con EXPERIENCIA ESPECIFICA:
A64: =A63+1 -> 49 | D64: =CONCATENATE("PROFESION: ",E64,". Con título de POSGRADO en el área de: ",F64,". Con EXPERIENCIA ESPECIFICA: ",G64) -> PROFESION: . Con título de POSGRADO en el área de: . Con EXPERIENCIA ESPECIFICA:
A65: =A64+1 -> 50 | D65: =CONCATENATE("PROFESION: ",E65,". Con título de POSGRADO en el área de: ",F65,". Con EXPERIENCIA ESPECIFICA: ",G65) -> PROFESION: . Con título de POSGRADO en el área de: . Con EXPERIENCIA ESPECIFICA:
A66: GEOMETRÍA VIAL
A67: =+A65+1 -> 51 | B67: VIAS | C67: Especialista en Diseño Geométrico | D67: =CONCATENATE("PROFESION: ",E67,". Con título de POSGRADO en el área de: ",F67,". Con EXPERIENCIA ESPECIFICA: ",G67) -> PROFESION: Ingeniero Civil o de Vías y Transporte o Ingeniero Topográfico . Con título de POSGRADO en el área de: Especialización o Maestría en ingeniería con énfasis en temas afines con el diseño geométrico de vías.. Con EXPERIENCIA ESPECIFICA: En proyectos Estudios y Diseños o Interventoría de Estudios y Diseños de infraestructura urbana o interurbana, sistemas de transporte o equipamientos urbanos como especialista en el área de Diseño geométrico de vías. | E67: Ingeniero Civil o de Vías y Transporte o Ingeniero Topográfico | F67: Especialización o Maestría en ingeniería con énfasis en temas afines con el diseño geométrico de vías. | G67: En proyectos Estudios y Diseños o Interventoría de Estudios y Diseños de infraestructura urbana o interurbana, sistemas de transporte o equipamientos urbanos como especialista en el área de Diseño geométrico de vías.
A68: =+A67+1 -> 52 | B68: ESPACIO PÚBLICO | D68: =CONCATENATE("PROFESION: ",E68,". Con título de POSGRADO en el área de: ",F68,". Con EXPERIENCIA ESPECIFICA: ",G68) -> PROFESION: . Con título de POSGRADO en el área de: . Con EXPERIENCIA ESPECIFICA:
A69: =+A68+1 -> 53 | B69: PUENTES | D69: =CONCATENATE("PROFESION: ",E69,". Con título de POSGRADO en el área de: ",F69,". Con EXPERIENCIA ESPECIFICA: ",G69) -> PROFESION: . Con título de POSGRADO en el área de: . Con EXPERIENCIA ESPECIFICA:
A70: =+A69+1 -> 54 | B70: ESTACIONES TM | D70: =CONCATENATE("PROFESION: ",E70,". Con título de POSGRADO en el área de: ",F70,". Con EXPERIENCIA ESPECIFICA: ",G70) -> PROFESION: . Con título de POSGRADO en el área de: . Con EXPERIENCIA ESPECIFICA:
A71: =+A70+1 -> 55 | B71: CABLE | C71: Especialista en Diseño Geométrico | D71: =CONCATENATE("PROFESION: ",E71,". Con título de POSGRADO en el área de: ",F71,". Con EXPERIENCIA ESPECIFICA: ",G71) -> PROFESION: Ingeniero Civil o Ingeniero de Transporte y Vías, con tarjeta profesional vigente. Con título de POSGRADO en el área de: Especialización o Maestría en ingeniería con énfasis en temas afines con el diseño geométrico de vías. Con EXPERIENCIA ESPECIFICA: En proyectos Estudios y Diseños o Interventoría de Estudios y Diseños de infraestructura urbana o interurbana, sistemas de transporte o equipamientos urbanos como especialista en el área de Diseño geométrico de vías. | E71: Ingeniero Civil o Ingeniero de Transporte y Vías, con tarjeta profesional vigente | F71: Especialización o Maestría en ingeniería con énfasis en temas afines con el diseño geométrico de vías | G71: En proyectos Estudios y Diseños o Interventoría de Estudios y Diseños de infraestructura urbana o interurbana, sistemas de transporte o equipamientos urbanos como especialista en el área de Diseño geométrico de vías. | H71: Anexo de personal de FAC EYD CABLE CENTRO HISTÓRICO
A72: =+A71+1 -> 56 | D72: =CONCATENATE("PROFESION: ",E72,". Con título de POSGRADO en el área de: ",F72,". Con EXPERIENCIA ESPECIFICA: ",G72) -> PROFESION: . Con título de POSGRADO en el área de: . Con EXPERIENCIA ESPECIFICA:
A73: TRÁNSITO Y TRANSPORTE
A74: =+A72+1 -> 57 | B74: VIAS | C74: Especialista en Tránsito y Transporte | D74: =CONCATENATE("PROFESION: ",E74,". Con título de POSGRADO en el área de: ",F74,". Con EXPERIENCIA ESPECIFICA: ",G74) -> PROFESION: Ingeniero Civil, Ingeniero de Transporte y Vías, con tarjeta profesional vigente. Con título de POSGRADO en el área de: Especialista en Tránsito y/o Transporte. Con EXPERIENCIA ESPECIFICA: Como especialista en Tránsito y Transporte en proyectos de consultoría o interventoría o de obra para actividades de ampliación, mejoramiento, diseño y construcción de Infraestructura Vial urbana y suburbana, o sistemas de transporte BRT para tráfico automotor. | E74: Ingeniero Civil, Ingeniero de Transporte y Vías, con tarjeta profesional vigente | F74: Especialista en Tránsito y/o Transporte | G74: Como especialista en Tránsito y Transporte en proyectos de consultoría o interventoría o de obra para actividades de ampliación, mejoramiento, diseño y construcción de Infraestructura Vial urbana y suburbana, o sistemas de transporte BRT para tráfico automotor.
A75: =A74+1 -> 58 | B75: ESPACIO PÚBLICO | C75: Especialista en Tránsito y Transporte | D75: =CONCATENATE("PROFESION: ",E75,". Con título de POSGRADO en el área de: ",F75,". Con EXPERIENCIA ESPECIFICA: ",G75) -> PROFESION: . Con título de POSGRADO en el área de: . Con EXPERIENCIA ESPECIFICA:
A76: =A75+1 -> 59 | B76: PUENTES | D76: =CONCATENATE("PROFESION: ",E76,". Con título de POSGRADO en el área de: ",F76,". Con EXPERIENCIA ESPECIFICA: ",G76) -> PROFESION: . Con título de POSGRADO en el área de: . Con EXPERIENCIA ESPECIFICA:
A77: =A76+1 -> 60 | B77: ESTACIONES TM | D77: =CONCATENATE("PROFESION: ",E77,". Con título de POSGRADO en el área de: ",F77,". Con EXPERIENCIA ESPECIFICA: ",G77) -> PROFESION: . Con título de POSGRADO en el área de: . Con EXPERIENCIA ESPECIFICA:
A78: =A77+1 -> 61 | B78: CABLE | C78: Especialista en Tránsito y Transporte | D78: =CONCATENATE("PROFESION: ",E78,". Con título de POSGRADO en el área de: ",F78,". Con EXPERIENCIA ESPECIFICA: ",G78) -> PROFESION: Ingeniero Civil, Ingeniero de Transporte y Vías, con tarjeta profesional vigente. Con título de POSGRADO en el área de: Especialista en Tránsito y/o Transporte. Con EXPERIENCIA ESPECIFICA: En proyectos de Estudios y Diseños o Interventoría de Estudios y Diseños de infraestructura urbana o interurbana, sistemas de transporte o equipamientos urbanos como especialista en el área de Tránsito. | E78: Ingeniero Civil, Ingeniero de Transporte y Vías, con tarjeta profesional vigente | F78: Especialista en Tránsito y/o Transporte | G78: En proyectos de Estudios y Diseños o Interventoría de Estudios y Diseños de infraestructura urbana o interurbana, sistemas de transporte o equipamientos urbanos como especialista en el área de Tránsito. | H78: Anexo de personal de FAC EYD CABLE CENTRO HISTÓRICO
A79: =A78+1 -> 62 | B79: CABLE | C79: Ingeniero Modelador | D79: =CONCATENATE("PROFESION: ",E79,". Con título de POSGRADO en el área de: ",F79,". Con EXPERIENCIA ESPECIFICA: ",G79) -> PROFESION: Ingeniero Civil, Ingeniero de Transporte y Vías o Ingeniero Topográfico, con tarjeta profesional vigente. Con título de POSGRADO en el área de: N/A. Con EXPERIENCIA ESPECIFICA: Como Ingeniero Modelador en proyectos de estudios y diseños de infraestructura urbana y de transporte. | E79: Ingeniero Civil, Ingeniero de Transporte y Vías o Ingeniero Topográfico, con tarjeta profesional vigente | F79: N/A | G79: Como Ingeniero Modelador en proyectos de estudios y diseños de infraestructura urbana y de transporte. | H79: Anexo de personal de FAC EYD CABLE CENTRO HISTÓRICO
A80: =A79+1 -> 63 | B80: VIAS | C80: Ingeniero Modelador | D80: =CONCATENATE("PROFESION: ",E80,". Con título de POSGRADO en el área de: ",F80,". Con EXPERIENCIA ESPECIFICA: ",G80) -> PROFESION: Ingeniero Civil o afines con tarjeta profesional vigente. Con título de POSGRADO en el área de: Especialista en Tránsito y/o Transporte. Con EXPERIENCIA ESPECIFICA: Como Ingeniero Modelador de proyectos de consultoría o interventoría o de obra para actividades de ampliación, mejoramiento, diseño y construcción de Infraestructura Vial urbana y suburbana, o sistemas de transporte BRT para tráfico automotor. | E80: Ingeniero Civil o afines con tarjeta profesional vigente | F80: Especialista en Tránsito y/o Transporte | G80: Como Ingeniero Modelador de proyectos de consultoría o interventoría o de obra para actividades de ampliación, mejoramiento, diseño y construcción de Infraestructura Vial urbana y suburbana, o sistemas de transporte BRT para tráfico automotor.
A81: URBANISMO Y ESPACIO PÚBLICO Y ARQUITECTURA
A82: =+A80+1 -> 64 | B82: VIAS | C82: Especialista en Urbanismo y Espacio Público | D82: =CONCATENATE("PROFESION: ",E82,". Con título de POSGRADO en el área de: ",F82,". Con EXPERIENCIA ESPECIFICA: ",G82) -> PROFESION: Arquitecto, con tarjeta profesional vigente. Con título de POSGRADO en el área de: Urbanismo y/o afines.. Con EXPERIENCIA ESPECIFICA: En proyectos de estudios y diseños o interventoría de estudios y diseños o de obra de infraestructura urbana, espacio publico, sistemas de transporte o equipamientos urbanos como profesional en arquitectura y/o urbanismo. | E82: Arquitecto, con tarjeta profesional vigente | F82: Urbanismo y/o afines. | G82: En proyectos de estudios y diseños o interventoría de estudios y diseños o de obra de infraestructura urbana, espacio publico, sistemas de transporte o equipamientos urbanos como profesional en arquitectura y/o urbanismo.
A83: =A82+1 -> 65 | B83: ESPACIO PÚBLICO | D83: =CONCATENATE("PROFESION: ",E83,". Con título de POSGRADO en el área de: ",F83,". Con EXPERIENCIA ESPECIFICA: ",G83) -> PROFESION: . Con título de POSGRADO en el área de: . Con EXPERIENCIA ESPECIFICA:
A84: =A83+1 -> 66 | B84: PUENTES | D84: =CONCATENATE("PROFESION: ",E84,". Con título de POSGRADO en el área de: ",F84,". Con EXPERIENCIA ESPECIFICA: ",G84) -> PROFESION: . Con título de POSGRADO en el área de: . Con EXPERIENCIA ESPECIFICA:
A85: =A84+1 -> 67 | B85: ESTACIONES TM | D85: =CONCATENATE("PROFESION: ",E85,". Con título de POSGRADO en el área de: ",F85,". Con EXPERIENCIA ESPECIFICA: ",G85) -> PROFESION: . Con título de POSGRADO en el área de: . Con EXPERIENCIA ESPECIFICA:
A86: =A85+1 -> 68 | B86: CABLE | C86: Especialista en Urbanismo y Espacio Público | D86: =CONCATENATE("PROFESION: ",E86,". Con título de POSGRADO en el área de: ",F86,". Con EXPERIENCIA ESPECIFICA: ",G86) -> PROFESION: Arquitecto, con tarjeta profesional vigente. Con título de POSGRADO en el área de: Urbanismo, Espacio público, Planeación urbana y/o Diseño Urbano. Con EXPERIENCIA ESPECIFICA: En proyectos Estudios y Diseños o Interventoría de Estudios y Diseños de infraestructura urbana o interurbana, sistemas de transporte o equipamientos urbanos como especialista de Urbanismo y/o Diseño Urbano. | E86: Arquitecto, con tarjeta profesional vigente | F86: Urbanismo, Espacio público, Planeación urbana y/o Diseño Urbano | G86: En proyectos Estudios y Diseños o Interventoría de Estudios y Diseños de infraestructura urbana o interurbana, sistemas de transporte o equipamientos urbanos como especialista de Urbanismo y/o Diseño Urbano. | H86: Anexo de personal de FAC EYD CABLE CENTRO HISTÓRICO
A87: =A86+1 -> 69 | B87: VIAS | C87: Arquitecto diseño urbano | D87: =CONCATENATE("PROFESION: ",E87,". Con título de POSGRADO en el área de: ",F87,". Con EXPERIENCIA ESPECIFICA: ",G87) -> PROFESION: Arquitecto, con tarjeta profesional vigente. Con título de POSGRADO en el área de: N/A. Con EXPERIENCIA ESPECIFICA: En proyectos de estudios y diseños o interventoría de estudios y diseños de infraestructura urbana, espacio publico, sistemas de transporte o equipamientos urbanos como profesional en arquitectura y/o urbanismo. | E87: Arquitecto, con tarjeta profesional vigente | F87: N/A | G87: En proyectos de estudios y diseños o interventoría de estudios y diseños de infraestructura urbana, espacio publico, sistemas de transporte o equipamientos urbanos como profesional en arquitectura y/o urbanismo.
A88: =A87+1 -> 70 | B88: VIAS | C88: Arquitecto de apoyo en imagenes y animaciones | D88: =CONCATENATE("PROFESION: ",E88,". Con título de POSGRADO en el área de: ",F88,". Con EXPERIENCIA ESPECIFICA: ",G88) -> PROFESION: Arquitecto, con tarjeta profesional vigente. Con título de POSGRADO en el área de: N/A. Con EXPERIENCIA ESPECIFICA: En estudios y diseños para la construcción de arquitectura, infraestructura urbana y/o espacio público y/o urbanismo en el área de imágenes y animaciones en 3D. | E88: Arquitecto, con tarjeta profesional vigente | F88: N/A | G88: En estudios y diseños para la construcción de arquitectura, infraestructura urbana y/o espacio público y/o urbanismo en el área de imágenes y animaciones en 3D.
A89: =A88+1 -> 71 | B89: CABLE | C89: Especialista en diseño arquitectónico | D89: =CONCATENATE("PROFESION: ",E89,". Con título de POSGRADO en el área de: ",F89,". Con EXPERIENCIA ESPECIFICA: ",G89) -> PROFESION: Arquitecto, con tarjeta profesional vigente. Con título de POSGRADO en el área de: Arquitectura, maestría en diseño o diseño urbano arquitectónico. O posgrado relacionado con el objeto y alcance del proyecto . Con EXPERIENCIA ESPECIFICA: En proyectos Estudios y Diseños o Interventoría de Estudios y Diseños de edificaciones de infraestructura urbana o interurbana, sistemas de transporte o equipamientos urbanos como especialista en diseño. | E89: Arquitecto, con tarjeta profesional vigente | F89: Arquitectura, maestría en diseño o diseño urbano arquitectónico. O posgrado relacionado con el objeto y alcance del proyecto | G89: En proyectos Estudios y Diseños o Interventoría de Estudios y Diseños de edificaciones de infraestructura urbana o interurbana, sistemas de transporte o equipamientos urbanos como especialista en diseño.
A90: =A89+1 -> 72 | B90: CABLE | C90: Arquitecto de Apoyo | D90: =CONCATENATE("PROFESION: ",E90,". Con título de POSGRADO en el área de: ",F90,". Con EXPERIENCIA ESPECIFICA: ",G90) -> PROFESION: Arquitecto, con tarjeta profesional vigente. Con título de POSGRADO en el área de: N/A. Con EXPERIENCIA ESPECIFICA: En proyectos de Estudios y Diseños de edificaciones de infraestructura urbana o interurbana, sistemas de transporte o equipamientos urbanos como profesional en el área de Urbanismo y/o Diseño Urbano. | E90: Arquitecto, con tarjeta profesional vigente | F90: N/A | G90: En proyectos de Estudios y Diseños de edificaciones de infraestructura urbana o interurbana, sistemas de transporte o equipamientos urbanos como profesional en el área de Urbanismo y/o Diseño Urbano.
A91: =A90+1 -> 73 | B91: CABLE | C91: Especialista en Sostenibilidad, eco urbanismo y construcción sostenible | D91: =CONCATENATE("PROFESION: ",E91,". Con título de POSGRADO en el área de: ",F91,". Con EXPERIENCIA ESPECIFICA: ",G91) -> PROFESION: Arquitecto, ingeniero civil, diseñador industrial. Con título de POSGRADO en el área de: Eco urbanismo, bioclimática o construcción sostenible o afines a construcción sostenible. Con EXPERIENCIA ESPECIFICA: En proyectos Estudios y Diseños o Interventoría de Estudios y Diseños de infraestructura urbana o interurbana, sistemas de transporte o equipamientos urbanos como especialista de Urbanismo y/o Diseño Urbano. | E91: Arquitecto, ingeniero civil, diseñador industrial | F91: Eco urbanismo, bioclimática o construcción sostenible o afines a construcción sostenible | G91: En proyectos Estudios y Diseños o Interventoría de Estudios y Diseños de infraestructura urbana o interurbana, sistemas de transporte o equipamientos urbanos como especialista de Urbanismo y/o Diseño Urbano. | H91: Anexo de personal de FAC EYD CABLE CENTRO HISTÓRICO
A92: REDES DE ACUEDUCTO Y ALCANTARILLADO
A93: =+A91+1 -> 74 | B93: VIAS | C93: Especialista en Redes Hidrosanitarias | D93: =CONCATENATE("PROFESION: ",E93,". Con título de POSGRADO en el área de: ",F93,". Con EXPERIENCIA ESPECIFICA: ",G93) -> PROFESION: Ingeniero Civil, Hidráulico, Recursos Hídricos y Gestión Ambiental, Sanitario o Ambiental con tarjeta profesional vigente. Con título de POSGRADO en el área de: Hidraulica, Recursos Hidraulicos, Recursos Hidricos, Saneamiento Ambiental o similar.. Con EXPERIENCIA ESPECIFICA: Como ingeniero de apoyo en proyectos en proyectos de Estudios y Diseños o Interventoría de Estudios y Diseños para la Construcción o Rehabilitación o Adecuación o Ampliación o Mejoramiento o Mantenimiento de infraestructura vial urbana o de proyectos de Espacio Público (plazas, vías peatonales, andenes, controles ambientales de las vías arterias, alamedas y ciclorutas y red de transporte no motorizado) o sistemas BRT para tráfico automotor, en el área de Redes Hidrosanitarias. | E93: Ingeniero Civil, Hidráulico, Recursos Hídricos y Gestión Ambiental, Sanitario o Ambiental con tarjeta profesional vigente | F93: Hidraulica, Recursos Hidraulicos, Recursos Hidricos, Saneamiento Ambiental o similar. | G93: Como ingeniero de apoyo en proyectos en proyectos de Estudios y Diseños o Interventoría de Estudios y Diseños para la Construcción o Rehabilitación o Adecuación o Ampliación o Mejoramiento o Mantenimiento de infraestructura vial urbana o de proyectos de Espacio Público (plazas, vías peatonales, andenes, controles ambientales de las vías arterias, alamedas y ciclorutas y red de transporte no motorizado) o sistemas BRT para tráfico automotor, en el área de Redes Hidrosanitarias.
A94: =A93+1 -> 75 | B94: ESPACIO PÚBLICO | D94: =CONCATENATE("PROFESION: ",E94,". Con título de POSGRADO en el área de: ",F94,". Con EXPERIENCIA ESPECIFICA: ",G94) -> PROFESION: . Con título de POSGRADO en el área de: . Con EXPERIENCIA ESPECIFICA:
A95: =A94+1 -> 76 | B95: PUENTES | D95: =CONCATENATE("PROFESION: ",E95,". Con título de POSGRADO en el área de: ",F95,". Con EXPERIENCIA ESPECIFICA: ",G95) -> PROFESION: . Con título de POSGRADO en el área de: . Con EXPERIENCIA ESPECIFICA:
A96: =A95+1 -> 77 | B96: ESTACIONES TM | D96: =CONCATENATE("PROFESION: ",E96,". Con título de POSGRADO en el área de: ",F96,". Con EXPERIENCIA ESPECIFICA: ",G96) -> PROFESION: . Con título de POSGRADO en el área de: . Con EXPERIENCIA ESPECIFICA:
A97: =A96+1 -> 78 | B97: CABLE | C97: Especialista en Redes Hidrosanitarias | D97: =CONCATENATE("PROFESION: ",E97,". Con título de POSGRADO en el área de: ",F97,". Con EXPERIENCIA ESPECIFICA: ",G97) -> PROFESION: Ingeniero Civil, Hidráulico, Recursos Hídricos y Gestión Ambiental, Sanitario o Ambiental con tarjeta profesional vigente. Con título de POSGRADO en el área de: Hidráulica, Recursos Hidráulicos, Recursos Hídricos, Sistemas Hídricos Urbanos, o similar. Con EXPERIENCIA ESPECIFICA: En proyectos de Estudios y Diseños o Interventoría de Estudios y Diseños de infraestructura urbana o interurbana, sistemas de transporte o equipamientos urbanos como especialista en el área de Redes Hidráulicas o Hidrosanitarias. | E97: Ingeniero Civil, Hidráulico, Recursos Hídricos y Gestión Ambiental, Sanitario o Ambiental con tarjeta profesional vigente | F97: Hidráulica, Recursos Hidráulicos, Recursos Hídricos, Sistemas Hídricos Urbanos, o similar | G97: En proyectos de Estudios y Diseños o Interventoría de Estudios y Diseños de infraestructura urbana o interurbana, sistemas de transporte o equipamientos urbanos como especialista en el área de Redes Hidráulicas o Hidrosanitarias. | H97: Anexo de personal de FAC EYD CABLE CENTRO HISTÓRICO
A98: =A97+1 -> 79 | B98: VIAL | C98: Ingeniero de Diseño de Redes Hidrosanitarias | D98: =CONCATENATE("PROFESION: ",E98,". Con título de POSGRADO en el área de: ",F98,". Con EXPERIENCIA ESPECIFICA: ",G98) -> PROFESION: Ingeniero Civil, Hidráulico, Recursos Hídricos y Gestión Ambiental, Sanitario o Ambiental con tarjeta profesional vigente.. Con título de POSGRADO en el área de: N/A. Con EXPERIENCIA ESPECIFICA: Como ingeniero de apoyo en proyectos en proyectos de Estudios y Diseños o Interventoría de Estudios y Diseños para la Construcción o Rehabilitación o Adecuación o Ampliación o Mejoramiento o Mantenimiento de infraestructura vial urbana o de proyectos de Espacio Público (plazas, vías peatonales, andenes, controles ambientales de las vías arterias, alamedas y ciclorutas y red de transporte no motorizado) o sistemas BRT para tráfico automotor, en el área de Redes Hidrosanitarias. | E98: Ingeniero Civil, Hidráulico, Recursos Hídricos y Gestión Ambiental, Sanitario o Ambiental con tarjeta profesional vigente. | F98: N/A | G98: Como ingeniero de apoyo en proyectos en proyectos de Estudios y Diseños o Interventoría de Estudios y Diseños para la Construcción o Rehabilitación o Adecuación o Ampliación o Mejoramiento o Mantenimiento de infraestructura vial urbana o de proyectos de Espacio Público (plazas, vías peatonales, andenes, controles ambientales de las vías arterias, alamedas y ciclorutas y red de transporte no motorizado) o sistemas BRT para tráfico automotor, en el área de Redes Hidrosanitarias.
A99: =A98+1 -> 80 | B99: CABLE | C99: Diseñador Redes Hidrosanitarias - Edificaciones | D99: =CONCATENATE("PROFESION: ",E99,". Con título de POSGRADO en el área de: ",F99,". Con EXPERIENCIA ESPECIFICA: ",G99) -> PROFESION: Ingeniero Civil, Hidráulico, Recursos Hídricos y Gestión Ambiental, Sanitario o Ambiental con tarjeta profesional vigente.. Con título de POSGRADO en el área de: N/A. Con EXPERIENCIA ESPECIFICA: En proyectos de Estudios y Diseños o Interventoría de Estudios y Diseños de edificaciones de equipamientos urbanos como profesional en el área de Redes Hidráulicas o Hidrosanitarias. | E99: Ingeniero Civil, Hidráulico, Recursos Hídricos y Gestión Ambiental, Sanitario o Ambiental con tarjeta profesional vigente. | F99: N/A | G99: En proyectos de Estudios y Diseños o Interventoría de Estudios y Diseños de edificaciones de equipamientos urbanos como profesional en el área de Redes Hidráulicas o Hidrosanitarias.
A100: =A99+1 -> 81 | B100: CABLE | D100: =CONCATENATE("PROFESION: ",E100,". Con título de POSGRADO en el área de: ",F100,". Con EXPERIENCIA ESPECIFICA: ",G100) -> PROFESION: . Con título de POSGRADO en el área de: . Con EXPERIENCIA ESPECIFICA:
A101: =A100+1 -> 82 | D101: =CONCATENATE("PROFESION: ",E101,". Con título de POSGRADO en el área de: ",F101,". Con EXPERIENCIA ESPECIFICA: ",G101) -> PROFESION: . Con título de POSGRADO en el área de: . Con EXPERIENCIA ESPECIFICA:
...

Sheet FORMULARIO 1-PPTO OFICIAL
E3: FORMULARIO 1
E4: =+'PROPUESTA ECONÓMICA'!E4 -> IDU-LP-SGI-022-2022
E5: =+'PROPUESTA ECONÓMICA'!E5 -> CONSTRUCCIÓN PARA LA ADECUACIÓN DE LA CALLE 13 AL SISTEMA DE TRANSPORTE PÚBLICO MASIVO, CALZADAS DE TRÁFICO MIXTO, NUEVAS CICLORRUTAS Y ESPACIO PÚBLICO, DESDE EL LÍMITE OCCIDENTAL DEL DISTRITO HASTA LA CONEXIÓN CON LA INTERSECCIÓN DE PUENTE ARANDA INCLUIDAS LAS DEMÁS OBRAS COMPLEMENTARIAS EN BOGOTÁ, D.C. - LOTE 3
C9: VALORES PRESUPUESTO OFICIAL ESTIMADO
C10: ETAPA DE OBRA
C11: Nº | D11: ÍTEM DE PAGO | E11: ESPECIFICACIONES | G11: DESCRIPCIÓN | H11: UND. | I11: CANTIDAD | J11: VALOR UNITARIO CON AIU | K11: VALOR TOTAL
E12: GENERAL | F12: PARTICULAR
E13: GENERAL | F13: PARTICULAR
D14: 3 | G14: SUDS Y PAISAJISMO
G15: TURNO DIURNO
G16: SUDS
G17: EXCAVACIONES Y RELLENOS
C18: 4390 | D18: 3.102 | G18: EXCAVACIÓN MANUAL EN MATERIAL COMÚN (INCL CARGUE, TRANSPORTE Y DISPOSICION FINAL) | H18: M3 | I18: 1465 | J18: 99302 | K18: 145477430
G19: SUSTRATO DE SOPORTE
C20: 5708 | D20: 3.103 | G20: RELLENO EN ARENA DE RIO. INCLUYE TRANSPORTE, SUMINISTRO, EXTENDIDO MANUAL Y COMPACTACION. | H20: M3 | I20: 253 | J20: 203829 | K20: 51568737
C21: 8790 | D21: 3.104 | G21: PIEDRA PÓMEZ (Incluye suministro, transporte y extendido manual) | H21: M3 | I21: 46 | J21: 2233785 | K21: 102754110
C22: 8789 | D22: 3.105 | G22: ABONO ORGÁNICO COMPOST (Incluye suministro, transporte y extendido manual) | H22: M3 | I22: 92 | J22: 11484853 | K22: 1056606476
C23: 3018 | D23: 3.106 | G23: RELLENO EN TIERRA NEGRA PARA EMPRADIZACION (SUMINISTRO Y EXTENDIDO) | H23: M3 | I23: 69 | J23: 76547 | K23: 5281743
G24: CAPA FILTRANTE
C25: 5708 | D25: 3.107 | G25: RELLENO EN ARENA DE RIO. INCLUYE TRANSPORTE, SUMINISTRO, EXTENDIDO MANUAL Y COMPACTACION. | H25: M3 | I25: 191 | J25: 203829 | K25: 38931339
G26: CAPA DE DRENAJE
C27: 5412 | D27: 3.108 | G27: RELLENO EN TRITURADO DE 3/4`` (INCLUYE TRANSPORTE, SUMINISTRO, EXTENDIDO MANUAL Y COLOCACIÓN) | H27: M3 | I27: 230 | J27: 143408 | K27: 32983840
G28: COBERTURA VEGETAL PARA SIEMBRA CÉSPED
C29: 4798 | D29: 3.109 | G29: CHICALA H=1.5MT (INCLUYE SIEMBRA, CAJA, TIERRA, ABONO, TUTOR, TRANSPORTE Y DISPOSICIÓN FINAL DE ESCOMBROS 28 KM). SUMINISTRO Y PLANTACION. | H29: UN | I29: 64 | J29: 188711 | K29: 12077504
C30: 4888 | D30: 3.11 | G30: YARUMO H= 1.5M (INCLUYE SIEMBRA, CAJA, TIERRA NEGRA, ABONO Y TUTOR. INCLUYE TRANSPORTE Y DISPOSICIÓN FINAL DE ESCOMBROS EN SITIO AUTORIZADO (DISTANCIA DE TRANSPORTE 28 KM). SUMINISTRO Y PLANTACION. | H30: UN | I30: 106 | J30: 228617 | K30: 24233402
C31: 7644 | D31: 3.111 | G31: JARDINERÍA DE PORTE ALTO. INCLUYE SUMINISTRO, SIEMBRA, TIERRA NEGRA Y ABONO. EN BOLSA DE 26" DE ALTURA DE 50CM A 80CM | H31: M2 | I31: 560 | J31: 494083 | K31: 276686480
G32: VEGETACIÓN Y PAISAJISMO
C33: 4800 | D33: 3.112 | G33: JAZMIN CHINO H=1.5MT (INCLUYE SIEMBRA, CAJA, TIERRA, ABONO, TUTOR, TRANSPORTE Y DISPOSICIÓN FINAL DE ESCOMBROS 28KM. SUMINISTRO Y PLANTACION. | H33: UN | I33: 35 | J33: 218943 | K33: 7663005
C34: 8094 | D34: 3.113 | G34: PINO ROMERON H=1.5M (INCLUYE EXCAVACIÓN MANUAL, SIEMBRA, CAJA, TIERRA, ABONO, TUTOR, TRANSPORTE Y DISPOSICIÓN FINAL DE ESCOMBROS EN SITIO AUTORIZADO A 28 KM). SUMINISTRO Y PLANTACIÓN. | H34: UN | I34: 35 | J34: 375029 | K34: 13126015
C35: 5036 | D35: 3.114 | G35: GUAYACAN H=1.5MT (INCLUYE TIERRA, ABONO, TUTOR, TRANSPORTE Y DISPOSICIÓN FINAL DE ESCOMBROS A 28 KM). SUMINISTRO Y PLANTACION. | H35: UN | I35: 35 | J35: 238896 | K35: 8361360
C36: 4884 | D36: 3.115 | G36: NOGAL H= 1.5M (INCLUYE SIEMBRA, CAJA, TIERRA NEGRA, ABONO Y TUTOR. INCLUYE TRANSPORTE Y DISPOSICIÓN FINAL DE ESCOMBROS EN SITIO AUTORIZADO (DISTANCIA DE TRANSPORTE 28 KM). SUMINISTRO Y PLANTACION. | H36: UN | I36: 35 | J36: 226683 | K36: 7933905
C37: 7047 | D37: 3.116 | G37: LIQUIDAMBAR H=2.5M (INCLUYE EXCAVACIÓN MANUAL, SIEMBRA, CAJA, TIERRA, ABONO, TUTOR, TRANSPORTE Y DISPOSICIÓN FINAL DE ESCOMBROS EN SITIO AUTORIZADO A 28 KM). SUMINISTRO Y PLANTACION. | H37: UN | I37: 35 | J37: 446012 | K37: 15610420
C38: 4798 | D38: 3.117 | G38: CHICALA H=1.5MT (INCLUYE SIEMBRA, CAJA, TIERRA, ABONO, TUTOR, TRANSPORTE Y DISPOSICIÓN FINAL DE ESCOMBROS 28 KM). SUMINISTRO Y PLANTACION. | H38: UN | I38: 35 | J38: 188711 | K38: 6604885
C39: 5045 | D39: 3.118 | G39: FALSO PIMIENTO H=1.3M (INCLUYE SIEMBRA, TIERRA, ABONO Y TUTOR) INCLUYE TRANSPORTE Y DISPOSICIÓN FINAL DE ESCOMBROS EN SITIO AUTORIZADO A 28 KM). SUMINISTRO Y PLANTACION. | H39: UN | I39: 35 | J39: 226199 | K39: 7916965
C40: 5038 | D40: 3.119 | G40: CARBONERO H=1.5MT (INCLUYE TIERRA, ABONO, TUTOR, TRANSPORTE Y DISPOSICIÓN FINAL DE ESCOMBROS A 28 KM). SUMINISTRO Y PLANTACION. | H40: UN | I40: 35 | J40: 230431 | K40: 8065085
C41: 7379 | D41: 3.12 | G41: PALMA DE CERA (INCLUYE SIEMBRA Y TIERRA NEGRA, TRANSPORTE Y DISPOSICIÓN FINAL DE ESCOMBROS EN SITIO AUTORIZADO). DISTANCIA DE TRANSPORTE 28 KM. SUMINISTRO Y PLANTACIÓN | H41: UN | I41: 35 | J41: 437940 | K41: 15327900
C42: 5032 | D42: 3.121 | G42: FUCCIA H=1.3MT (INCLUYE TIERRA, ABONO, TUTOR, TRANSPORTE Y DISPOSICIÓN FINAL DE ESCOMBROS A 28 KM). SUMINISTRO Y PLANTACION. | H42: UN | I42: 35 | J42: 225594 | K42: 7895790
C43: 4797 | D43: 3.122 | G43: EUCALIPTO POMARROSO H=1.5MT (INCLUYE SIEMBRA, CAJA, TIERRA, ABONO, TUTOR, TRANSPORTE Y DISPOSICIÓN FINA DE ESCOMBROS A 21 KM). SUMINISTRO Y PLANTACION. | H43: UN | I43: 35 | J43: 221741 | K43: 7760935
C44: 4886 | D44: 3.123 | G44: CAUCHO SABANERO H= 1.5M (INCLUYE SIEMBRA, CAJA, TIERRA NEGRA, ABONO Y TUTOR. INCLUYE TRANSPORTE Y DISPOSICIÓN FINAL DE ESCOMBROS EN SITIO AUTORIZADO (DISTANCIA DE TRANSPORTE 28 KM). SUMINISTRO Y PLANTACION. | H44: UN | I44: 35 | J44: 225594 | K44: 7895790
... C53: 8535 | D53: 3.132 | G53: TRATAMIENTO INTEGRAL DE ÁRBOLES MAYORES A 5M. (INCLUYE RIEGO, FERTILIZACIÓN EDÁFICA, MANO DE OBRA, PODA GENERAL Y RADICULAR). | H53: UN | I53: 215 | J53: 318285 | K53: 68431275
G54: TUBERÍAS Y ACCESORIOS
C55: 4144 | D55: 3.133 | G55: TUBERIA PVC SANITARIA D=6" TIPO U.S. (INCLUYE SUMINISTRO E INSTALACIÓN) | H55: ML | I55: 758 | J55: 92443 | K55: 70071794
C56: 5467 | D56: 3.134 | G56: TUBERIA PVC SANITARIA D=8`` TIPO U.S. (INCLUYE SUMINISTRO E INSTALACIÓN). | H56: ML | I56: 600 | J56: 159256 | K56: 95553600
C57: 6518 | D57: 3.135 | G57: CODO 90° CXE PVC SANITARIA D=6" (INCLUYE SUMINISTRO E INSTALACIÓN). | H57: UN | I57: 75 | J57: 145988 | K57: 10949100
C58: 7423 | D58: 3.136 | G58: TEE PVC U.M. 6" X 6" (SUMINISTRO E INSTALACIÓN) | H58: UN | I58: 75 | J58: 704757 | K58: 52856775
C59: 6519 | D59: 3.137 | G59: TRAGANTE CÚPULA DE 6" X 4" EN ALUMINIO. INCLUYE SUMINISTRO E INSTALACIÓN | H59: UN | I59: 75 | J59: 27763 | K59: 2082225
C60: 4417 | D60: 3.138 | G60: TAPON PVC TIPO U.M. D=6" (SUMINISTRO E INSTALACIÓN) | H60: UN | I60: 75 | J60: 218085 | K60: 16356375
C61: 7865 | D61: 3.139 | G61: MARCO REJILLA SUMIDERO LATERAL 100 X 65 (SUMINISTRO E INSTALACIÓN) | H61: UN | I61: 170 | J61: 190000 | K61: 32300000
C62: 7775 | D62: 3.14 | G62: GEOMEMBRANA LISA HDPE 30 MILS. (SUMINISTRO E INSTALACIÓN). | H62: M2 | I62: 1882 | J62: 15830 | K62: 29792060
C63: 8779 | D63: 3.141 | G63: ANGEO PLÁSTICO (Suministro e instalación) | H63: M2 | I63: 26 | J63: 3313 | K63: 86138
C64: 6510 | D64: 3.142 | G64: CONSTRUCCIÓN DE BORDILLO EN CONCRETO MR36 FUNDIDO IN SITU. INCLUYE LA PREPARACIÓN DE LA SUPERFICIE DE APOYO | H64: ML | I64: 68 | J64: 55295 | K64: 3760060
C65: 8780 | D65: 3.143 | G65: ENROCADO EN PIEDRA PARTIDA CON DIÁMETROS DE 25 A 75 MM (Suministro y colocación) | H65: M3 | I65: 5 | J65: 84541 | K65: 422705
G66: ESTRUCTURAS PARA SUDS
C67: 3649 | D67: 3.144 | G67: CONCRETO 2500 PSI (HECHO EN OBRA CON ARENA DE RÍO Y TRITURADO DE 3/4") | H67: M3 | I67: 431 | J67: 442909 | K67: 190893779
C68: 8743 | D68: 3.145 | G68: CAJA DE INSPECCIÓN EN CONCRETO REFORZADO 28 MPa (Dimensiones internas: (1.0x1.0) m, H=2.36 m, e=0,2 m) (Incluye muros, concreto de limpieza e=0,05 m, placa de base e=0,20 m y placa de cubierta e=0,16 m, arobase y arotapa HF según NP-024 y pasos plásticos c/0.40. Suministro y construcción). | H68: UN | I68: 75 | J68: 4949403 | K68: 371205225
G69: TURNO NOCTURNO
G70: SUDS
G71: EXCAVACIONES Y RELLENOS
C72: 4390 N | D72: 3,102-N | G72: EXCAVACIÓN MANUAL EN MATERIAL COMÚN (INCL CARGUE, TRANSPORTE Y DISPOSICION FINAL) | H72: M3 | I72: 488 | J72: 114433 | K72: 55843304
G73: SUSTRATO DE SOPORTE
C74: 5708 N | D74: 3,103-N | G74: RELLENO EN ARENA DE RIO. INCLUYE TRANSPORTE, SUMINISTRO, EXTENDIDO MANUAL Y COMPACTACION. | H74: M3 | I74: 84 | J74: 208218 | K74: 17490312
C75: 8790 N | D75: 3,104-N | G75: PIEDRA PÓMEZ (Incluye suministro, transporte y extendido manual) | H75: M3 | I75: 15 | J75: 2236481 | K75: 33547215
C76: 8789 N | D76: 3,105-N | G76: ABONO ORGÁNICO COMPOST (Incluye suministro, transporte y extendido manual) | H76: M3 | I76: 31 | J76: 11487550 | K76: 356114050
C77: 3018 N | D77: 3,106-N | G77: RELLENO EN TIERRA NEGRA PARA EMPRADIZACION (SUMINISTRO Y EXTENDIDO) | H77: M3 | I77: 23 | J77: 79637 | K77: 1831651
G78: CAPA FILTRANTE
C79: 5708 N | D79: 3,107-N | G79: RELLENO EN ARENA DE RIO. INCLUYE TRANSPORTE, SUMINISTRO, EXTENDIDO MANUAL Y COMPACTACION. | H79: M3 | I79: 64 | J79: 208218 | K79: 13325952
G80: CAPA DE DRENAJE
C81: 5412 N | D81: 3,108-N | G81: RELLENO EN TRITURADO DE 3/4`` (INCLUYE TRANSPORTE, SUMINISTRO, EXTENDIDO MANUAL Y COLOCACIÓN) | H81: M3 | I81: 77 | J81: 146498 | K81: 11280346
G82: COBERTURA VEGETAL PARA SIEMBRA CÉSPED
C83: 4798 N | D83: 3,109-N | G83: CHICALA H=1.5MT (INCLUYE SIEMBRA, CAJA, TIERRA, ABONO, TUTOR, TRANSPORTE Y DISPOSICIÓN FINAL DE ESCOMBROS 28 KM). SUMINISTRO Y PLANTACION. | H83: UN | I83: 21 | J83: 188711 | K83: 3962931
C84: 4888 N | D84: 3,11-N | G84: YARUMO H= 1.5M (INCLUYE SIEMBRA, CAJA, TIERRA NEGRA, ABONO Y TUTOR. INCLUYE TRANSPORTE Y DISPOSICIÓN FINAL DE ESCOMBROS EN SITIO AUTORIZADO (DISTANCIA DE TRANSPORTE 28 KM). SUMINISTRO Y PLANTACION. | H84: UN | I84: 35 | J84: 228617 | K84: 8001595
C85: 7644 N | D85: 3,111-N | G85: JARDINERÍA DE PORTE ALTO. INCLUYE SUMINISTRO, SIEMBRA, TIERRA NEGRA Y ABONO. EN BOLSA DE 26" DE ALTURA DE 50CM A 80CM | H85: M2 | I85: 187 | J85: 495324 | K85: 92625588
G86: VEGETACIÓN Y PAISAJISMO
C87: 4800 N | D87: 3,112-N | G87: JAZMIN CHINO H=1.5MT (INCLUYE SIEMBRA, CAJA, TIERRA, ABONO, TUTOR, TRANSPORTE Y DISPOSICIÓN FINAL DE ESCOMBROS 28KM. SUMINISTRO Y PLANTACION. | H87: UN | I87: 12 | J87: 218943 | K87: 2627316
C88: 8094 N | D88: 3,113-N | G88: PINO ROMERON H=1.5M (INCLUYE EXCAVACIÓN MANUAL, SIEMBRA, CAJA, TIERRA, ABONO, TUTOR, TRANSPORTE Y DISPOSICIÓN FINAL DE ESCOMBROS EN SITIO AUTORIZADO A 28 KM). SUMINISTRO Y PLANTACIÓN. | H88: UN | I88: 12 | J88: 396902 | K88: 4762824
C89: 5036 N | D89: 3,114-N | G89: GUAYACAN H=1.5MT (INCLUYE TIERRA, ABONO, TUTOR, TRANSPORTE Y DISPOSICIÓN FINAL DE ESCOMBROS A 28 KM). SUMINISTRO Y PLANTACION. | H89: UN | I89: 12 | J89: 238896 | K89: 2866752
C90: 4884 N | D90: 3,115-N | G90: NOGAL H= 1.5M (INCLUYE SIEMBRA, CAJA, TIERRA NEGRA, ABONO Y TUTOR. INCLUYE TRANSPORTE Y DISPOSICIÓN FINAL DE ESCOMBROS EN SITIO AUTORIZADO (DISTANCIA DE TRANSPORTE 28 KM). SUMINISTRO Y PLANTACION. | H90: UN | I90: 12 | J90: 226683 | K90: 2720196
C91: 7047 N | D91: 3,116-N | G91: LIQUIDAMBAR H=2.5M (INCLUYE EXCAVACIÓN MANUAL, SIEMBRA, CAJA, TIERRA, ABONO, TUTOR, TRANSPORTE Y DISPOSICIÓN FINAL DE ESCOMBROS EN SITIO AUTORIZADO A 28 KM). SUMINISTRO Y PLANTACION. | H91: UN | I91: 12 | J91: 468727 | K91: 5624724
C92: 4798 N | D92: 3,117-N | G92: CHICALA H=1.5MT (INCLUYE SIEMBRA, CAJA, TIERRA, ABONO, TUTOR, TRANSPORTE Y DISPOSICIÓN FINAL DE ESCOMBROS 28 KM). SUMINISTRO Y PLANTACION. | H92: UN | I92: 12 | J92: 188711 | K92: 2264532
C93: 5045 N | D93: 3,118-N | G93: FALSO PIMIENTO H=1.3M (INCLUYE SIEMBRA, TIERRA, ABONO Y TUTOR) INCLUYE TRANSPORTE Y DISPOSICIÓN FINAL DE ESCOMBROS EN SITIO AUTORIZADO A 28 KM). SUMINISTRO Y PLANTACION. | H93: UN | I93: 12 | J93: 226199 | K93: 2714388
C94: 5038 N | D94: 3,119-N | G94: CARBONERO H=1.5MT (INCLUYE TIERRA, ABONO, TUTOR, TRANSPORTE Y DISPOSICIÓN FINAL DE ESCOMBROS A 28 KM). SUMINISTRO Y PLANTACION. | H94: UN | I94: 12 | J94: 230431 | K94: 2765172
C95: 7379 N | D95: 3,12-N | G95: PALMA DE CERA (INCLUYE SIEMBRA Y TIERRA NEGRA, TRANSPORTE Y DISPOSICIÓN FINAL DE ESCOMBROS EN SITIO AUTORIZADO). DISTANCIA DE TRANSPORTE 28 KM. SUMINISTRO Y PLANTACIÓN | H95: UN | I95: 12 | J95: 443334 | K95: 5320008
C96: 5032 N | D96: 3,121-N | G96: FUCCIA H=1.3MT (INCLUYE TIERRA, ABONO, TUTOR, TRANSPORTE Y DISPOSICIÓN FINAL DE ESCOMBROS A 28 KM). SUMINISTRO Y PLANTACION. | H96: UN | I96: 12 | J96: 225594 | K96: 2707128
C97: 4797 N | D97: 3,122-N | G97: EUCALIPTO POMARROSO H=1.5MT (INCLUYE SIEMBRA, CAJA, TIERRA, ABONO, TUTOR, TRANSPORTE Y DISPOSICIÓN FINA DE ESCOMBROS A 21 KM). SUMINISTRO Y PLANTACION. | H97: UN | I97: 12 | J97: 221741 | K97: 2660892
C98: 4886 N | D98: 3,123-N | G98: CAUCHO SABANERO H= 1.5M (INCLUYE SIEMBRA, CAJA, TIERRA NEGRA, ABONO Y TUTOR. INCLUYE TRANSPORTE Y DISPOSICIÓN FINAL DE ESCOMBROS EN SITIO AUTORIZADO (DISTANCIA DE TRANSPORTE 28 KM). SUMINISTRO Y PLANTACION. | H98: UN | I98: 12 | J98: 225594 | K98: 2707128
... C107: 8535 N | D107: 3,132-N | G107: TRATAMIENTO INTEGRAL DE ÁRBOLES MAYORES A 5M. (INCLUYE RIEGO, FERTILIZACIÓN EDÁFICA, MANO DE OBRA, PODA GENERAL Y RADICULAR). | H107: UN | I107: 72 | J107: 318285 | K107: 22916520
G108: TUBERÍAS Y ACCESORIOS
C109: 4144 N | D109: 3,133-N | G109: TUBERIA PVC SANITARIA D=6" TIPO U.S. (INCLUYE SUMINISTRO E INSTALACIÓN) | H109: ML | I109: 253 | J109: 93019 | K109: 23533807
C110: 5467 N | D110: 3,134-N | G110: TUBERIA PVC SANITARIA D=8`` TIPO U.S. (INCLUYE SUMINISTRO E INSTALACIÓN). | H110: ML | I110: 200 | J110: 159914 | K110: 31982800
C111: 6518 N | D111: 3,135-N | G111: CODO 90° CXE PVC SANITARIA D=6" (INCLUYE SUMINISTRO E INSTALACIÓN). | H111: UN | I111: 25 | J111: 146646 | K111: 3666150
C112: 7423 N | D112: 3,136-N | G112: TEE PVC U.M. 6" X 6" (SUMINISTRO E INSTALACIÓN) | H112: UN | I112: 25 | J112: 711337 | K112: 17783425
C113: 6519 N | D113: 3,137-N | G113: TRAGANTE CÚPULA DE 6" X 4" EN ALUMINIO. INCLUYE SUMINISTRO E INSTALACIÓN | H113: UN | I113: 25 | J113: 27999 | K113: 699975
C114: 4417 N | D114: 3,138-N | G114: TAPON PVC TIPO U.M. D=6" (SUMINISTRO E INSTALACIÓN) | H114: UN | I114: 25 | J114: 221670 | K114: 5541750
C115: 7865 N | D115: 3,139-N | G115: MARCO REJILLA SUMIDERO LATERAL 100 X 65 (SUMINISTRO E INSTALACIÓN) | H115: UN | I115: 57 | J115: 192741 | K115: 10986237
C116: 7775 N | D116: 3,14-N | G116: GEOMEMBRANA LISA HDPE 30 MILS. (SUMINISTRO E INSTALACIÓN). | H116: M2 | I116: 627 | J116: 15830 | K116: 9925410
C117: 8779 N | D117: 3,141-N | G117: ANGEO PLÁSTICO (Suministro e instalación) | H117: M2 | I117: 9 | J117: 3853 | K117: 34677
C118: 6510 N | D118: 3,142-N | G118: CONSTRUCCIÓN DE BORDILLO EN CONCRETO MR36 FUNDIDO IN SITU. INCLUYE LA PREPARACIÓN DE LA SUPERFICIE DE APOYO | H118: ML | I118: 23 | J118: 58008 | K118: 1334184
C119: 8780 N | D119: 3,143-N | G119: ENROCADO EN PIEDRA PARTIDA CON DIÁMETROS DE 25 A 75 MM (Suministro y colocación) | H119: M3 | I119: 2 | J119: 87913 | K119: 175826
G120: ESTRUCTURAS PARA SUDS
C121: 3649 N | D121: 3,144-N | G121: CONCRETO 2500 PSI (HECHO EN OBRA CON ARENA DE RÍO Y TRITURADO DE 3/4") | H121: M3 | I121: 144 | J121: 461246 | K121: 66419424
...

Sheet PROPUESTA ECONÓMICA
E3: FORMULARIO 1
E4: IDU-LP-SGI-022-2022
E5: CONSTRUCCIÓN PARA LA ADECUACIÓN DE LA CALLE 13 AL SISTEMA DE TRANSPORTE PÚBLICO MASIVO, CALZADAS DE TRÁFICO MIXTO, NUEVAS CICLORRUTAS Y ESPACIO PÚBLICO, DESDE EL LÍMITE OCCIDENTAL DEL DISTRITO HASTA LA CONEXIÓN CON LA INTERSECCIÓN DE PUENTE ARANDA INCLUIDAS LAS DEMÁS OBRAS COMPLEMENTARIAS EN BOGOTÁ, D.C. - LOTE 3
C8: VALORES PRESUPUESTO OFICIAL ESTIMADO | N8: PROPUESTA ECONÓMICA
C9: Nº | D9: ÍTEM DE PAGO | E9: ESPECIFICACIONES | G9: DESCRIPCIÓN | H9: UND. | I9: CANTIDAD | J9: VALOR UNITARIO CON AIU | K9: VALOR TOTAL | N9: VALOR UNITARIO CON AIU OFERTADO | O9: VALOR UNITARIO CON AIU CORREGIDO | P9: VALOR UNITARIO CON AIU CORREGIDO x CANTIDAD | Q9: VERIFICACIÓN
E10: GENERAL | F10: PARTICULAR
D11: 3 | G11: SUDS Y PAISAJISMO
G12: TURNO DIURNO
G13: SUDS
G14: EXCAVACIONES Y RELLENOS
C15: 4390 | D15: 3.102 | G15: EXCAVACIÓN MANUAL EN MATERIAL COMÚN (INCL CARGUE, TRANSPORTE Y DISPOSICION FINAL) | H15: M3 | I15: 1465 | J15: 99302 | K15: 145477430 | O15: =ROUND((+N15),0) -> 0 | P15: =ROUND((+O15*$I15),0) -> 0 | Q15: =IF(OR(P15<=0,P15>$K15),"ERROR","OK") -> ERROR
G16: SUSTRATO DE SOPORTE
C17: 5708 | D17: 3.103 | G17: RELLENO EN ARENA DE RIO. INCLUYE TRANSPORTE, SUMINISTRO, EXTENDIDO MANUAL Y COMPACTACION. | H17: M3 | I17: 253 | J17: 203829 | K17: 51568737 | O17: =ROUND((+N17),0) -> 0 | P17: =ROUND((+O17*$I17),0) -> 0 | Q17: =IF(OR(P17<=0,P17>$K17),"ERROR","OK") -> ERROR
C18: 8790 | D18: 3.104 | G18: PIEDRA PÓMEZ (Incluye suministro, transporte y extendido manual) | H18: M3 | I18: 46 | J18: 2233785 | K18: 102754110 | O18: =ROUND((+N18),0) -> 0 | P18: =ROUND((+O18*$I18),0) -> 0 | Q18: =IF(OR(P18<=0,P18>$K18),"ERROR","OK") -> ERROR
C19: 8789 | D19: 3.105 | G19: ABONO ORGÁNICO COMPOST (Incluye suministro, transporte y extendido manual) | H19: M3 | I19: 92 | J19: 11484853 | K19: 1056606476 | O19: =ROUND((+N19),0) -> 0 | P19: =ROUND((+O19*$I19),0) -> 0 | Q19: =IF(OR(P19<=0,P19>$K19),"ERROR","OK") -> ERROR
C20: 3018 | D20: 3.106 | G20: RELLENO EN TIERRA NEGRA PARA EMPRADIZACION (SUMINISTRO Y EXTENDIDO) | H20: M3 | I20: 69 | J20: 76547 | K20: 5281743 | O20: =ROUND((+N20),0) -> 0 | P20: =ROUND((+O20*$I20),0) -> 0 | Q20: =IF(OR(P20<=0,P20>$K20),"ERROR","OK") -> ERROR
G21: CAPA FILTRANTE
C22: 5708 | D22: 3.107 | G22: RELLENO EN ARENA DE RIO. INCLUYE TRANSPORTE, SUMINISTRO, EXTENDIDO MANUAL Y COMPACTACION. | H22: M3 | I22: 191 | J22: 203829 | K22: 38931339 | O22: =ROUND((+N22),0) -> 0 | P22: =ROUND((+O22*$I22),0) -> 0 | Q22: =IF(OR(P22<=0,P22>$K22),"ERROR","OK") -> ERROR
G23: CAPA DE DRENAJE
C24: 5412 | D24: 3.108 | G24: RELLENO EN TRITURADO DE 3/4`` (INCLUYE TRANSPORTE, SUMINISTRO, EXTENDIDO MANUAL Y COLOCACIÓN) | H24: M3 | I24: 230 | J24: 143408 | K24: 32983840 | O24: =ROUND((+N24),0) -> 0 | P24: =ROUND((+O24*$I24),0) -> 0 | Q24: =IF(OR(P24<=0,P24>$K24),"ERROR","OK") -> ERROR
G25: COBERTURA VEGETAL PARA SIEMBRA CÉSPED
C26: 4798 | D26: 3.109 | G26: CHICALA H=1.5MT (INCLUYE SIEMBRA, CAJA, TIERRA, ABONO, TUTOR, TRANSPORTE Y DISPOSICIÓN FINAL DE ESCOMBROS 28 KM). SUMINISTRO Y PLANTACION. | H26: UN | I26: 64 | J26: 188711 | K26: 12077504 | O26: =ROUND((+N26),0) -> 0 | P26: =ROUND((+O26*$I26),0) -> 0 | Q26: =IF(OR(P26<=0,P26>$K26),"ERROR","OK") -> ERROR
C27: 4888 | D27: 3.11 | G27: YARUMO H= 1.5M (INCLUYE SIEMBRA, CAJA, TIERRA NEGRA, ABONO Y TUTOR. INCLUYE TRANSPORTE Y DISPOSICIÓN FINAL DE ESCOMBROS EN SITIO AUTORIZADO (DISTANCIA DE TRANSPORTE 28 KM). SUMINISTRO Y PLANTACION. | H27: UN | I27: 106 | J27: 228617 | K27: 24233402 | O27: =ROUND((+N27),0) -> 0 | P27: =ROUND((+O27*$I27),0) -> 0 | Q27: =IF(OR(P27<=0,P27>$K27),"ERROR","OK") -> ERROR
C28: 7644 | D28: 3.111 | G28: JARDINERÍA DE PORTE ALTO. INCLUYE SUMINISTRO, SIEMBRA, TIERRA NEGRA Y ABONO. EN BOLSA DE 26" DE ALTURA DE 50CM A 80CM | H28: M2 | I28: 560 | J28: 494083 | K28: 276686480 | O28: =ROUND((+N28),0) -> 0 | P28: =ROUND((+O28*$I28),0) -> 0 | Q28: =IF(OR(P28<=0,P28>$K28),"ERROR","OK") -> ERROR
G29: VEGETACIÓN Y PAISAJISMO
C30: 4800 | D30: 3.112 | G30: JAZMIN CHINO H=1.5MT (INCLUYE SIEMBRA, CAJA, TIERRA, ABONO, TUTOR, TRANSPORTE Y DISPOSICIÓN FINAL DE ESCOMBROS 28KM. SUMINISTRO Y PLANTACION. | H30: UN | I30: 35 | J30: 218943 | K30: 7663005 | O30: =ROUND((+N30),0) -> 0 | P30: =ROUND((+O30*$I30),0) -> 0 | Q30: =IF(OR(P30<=0,P30>$K30),"ERROR","OK") -> ERROR
C31: 8094 | D31: 3.113 | G31: PINO ROMERON H=1.5M (INCLUYE EXCAVACIÓN MANUAL, SIEMBRA, CAJA, TIERRA, ABONO, TUTOR, TRANSPORTE Y DISPOSICIÓN FINAL DE ESCOMBROS EN SITIO AUTORIZADO A 28 KM). SUMINISTRO Y PLANTACIÓN. | H31: UN | I31: 35 | J31: 375029 | K31: 13126015 | O31: =ROUND((+N31),0) -> 0 | P31: =ROUND((+O31*$I31),0) -> 0 | Q31: =IF(OR(P31<=0,P31>$K31),"ERROR","OK") -> ERROR
C32: 5036 | D32: 3.114 | G32: GUAYACAN H=1.5MT (INCLUYE TIERRA, ABONO, TUTOR, TRANSPORTE Y DISPOSICIÓN FINAL DE ESCOMBROS A 28 KM). SUMINISTRO Y PLANTACION. | H32: UN | I32: 35 | J32: 238896 | K32: 8361360 | O32: =ROUND((+N32),0) -> 0 | P32: =ROUND((+O32*$I32),0) -> 0 | Q32: =IF(OR(P32<=0,P32>$K32),"ERROR","OK") -> ERROR
C33: 4884 | D33: 3.115 | G33: NOGAL H= 1.5M (INCLUYE SIEMBRA, CAJA, TIERRA NEGRA, ABONO Y TUTOR. INCLUYE TRANSPORTE Y DISPOSICIÓN FINAL DE ESCOMBROS EN SITIO AUTORIZADO (DISTANCIA DE TRANSPORTE 28 KM). SUMINISTRO Y PLANTACION. | H33: UN | I33: 35 | J33: 226683 | K33: 7933905 | O33: =ROUND((+N33),0) -> 0 | P33: =ROUND((+O33*$I33),0) -> 0 | Q33: =IF(OR(P33<=0,P33>$K33),"ERROR","OK") -> ERROR
C34: 7047 | D34: 3.116 | G34: LIQUIDAMBAR H=2.5M (INCLUYE EXCAVACIÓN MANUAL, SIEMBRA, CAJA, TIERRA, ABONO, TUTOR, TRANSPORTE Y DISPOSICIÓN FINAL DE ESCOMBROS EN SITIO AUTORIZADO A 28 KM). SUMINISTRO Y PLANTACION. | H34: UN | I34: 35 | J34: 446012 | K34: 15610420 | O34: =ROUND((+N34),0) -> 0 | P34: =ROUND((+O34*$I34),0) -> 0 | Q34: =IF(OR(P34<=0,P34>$K34),"ERROR","OK") -> ERROR
C35: 4798 | D35: 3.117 | G35: CHICALA H=1.5MT (INCLUYE SIEMBRA, CAJA, TIERRA, ABONO, TUTOR, TRANSPORTE Y DISPOSICIÓN FINAL DE ESCOMBROS 28 KM). SUMINISTRO Y PLANTACION. | H35: UN | I35: 35 | J35: 188711 | K35: 6604885 | O35: =ROUND((+N35),0) -> 0 | P35: =ROUND((+O35*$I35),0) -> 0 | Q35: =IF(OR(P35<=0,P35>$K35),"ERROR","OK") -> ERROR
C36: 5045 | D36: 3.118 | G36: FALSO PIMIENTO H=1.3M (INCLUYE SIEMBRA, TIERRA, ABONO Y TUTOR) INCLUYE TRANSPORTE Y DISPOSICIÓN FINAL DE ESCOMBROS EN SITIO AUTORIZADO A 28 KM). SUMINISTRO Y PLANTACION. | H36: UN | I36: 35 | J36: 226199 | K36: 7916965 | O36: =ROUND((+N36),0) -> 0 | P36: =ROUND((+O36*$I36),0) -> 0 | Q36: =IF(OR(P36<=0,P36>$K36),"ERROR","OK") -> ERROR
C37: 5038 | D37: 3.119 | G37: CARBONERO H=1.5MT (INCLUYE TIERRA, ABONO, TUTOR, TRANSPORTE Y DISPOSICIÓN FINAL DE ESCOMBROS A 28 KM). SUMINISTRO Y PLANTACION. | H37: UN | I37: 35 | J37: 230431 | K37: 8065085 | O37: =ROUND((+N37),0) -> 0 | P37: =ROUND((+O37*$I37),0) -> 0 | Q37: =IF(OR(P37<=0,P37>$K37),"ERROR","OK") -> ERROR
C38: 7379 | D38: 3.12 | G38: PALMA DE CERA (INCLUYE SIEMBRA Y TIERRA NEGRA, TRANSPORTE Y DISPOSICIÓN FINAL DE ESCOMBROS EN SITIO AUTORIZADO). DISTANCIA DE TRANSPORTE 28 KM. SUMINISTRO Y PLANTACIÓN | H38: UN | I38: 35 | J38: 437940 | K38: 15327900 | O38: =ROUND((+N38),0) -> 0 | P38: =ROUND((+O38*$I38),0) -> 0 | Q38: =IF(OR(P38<=0,P38>$K38),"ERROR","OK") -> ERROR
C39: 5032 | D39: 3.121 | G39: FUCCIA H=1.3MT (INCLUYE TIERRA, ABONO, TUTOR, TRANSPORTE Y DISPOSICIÓN FINAL DE ESCOMBROS A 28 KM). SUMINISTRO Y PLANTACION. | H39: UN | I39: 35 | J39: 225594 | K39: 7895790 | O39: =ROUND((+N39),0) -> 0 | P39: =ROUND((+O39*$I39),0) -> 0 | Q39: =IF(OR(P39<=0,P39>$K39),"ERROR","OK") -> ERROR
C40: 4797 | D40: 3.122 | G40: EUCALIPTO POMARROSO H=1.5MT (INCLUYE SIEMBRA, CAJA, TIERRA, ABONO, TUTOR, TRANSPORTE Y DISPOSICIÓN FINA DE ESCOMBROS A 21 KM). SUMINISTRO Y PLANTACION. | H40: UN | I40: 35 | J40: 221741 | K40: 7760935 | O40: =ROUND((+N40),0) -> 0 | P40: =ROUND((+O40*$I40),0) -> 0 | Q40: =IF(OR(P40<=0,P40>$K40),"ERROR","OK") -> ERROR
C41: 4886 | D41: 3.123 | G41: CAUCHO SABANERO H= 1.5M (INCLUYE SIEMBRA, CAJA, TIERRA NEGRA, ABONO Y TUTOR. INCLUYE TRANSPORTE Y DISPOSICIÓN FINAL DE ESCOMBROS EN SITIO AUTORIZADO (DISTANCIA DE TRANSPORTE 28 KM). SUMINISTRO Y PLANTACION. | H41: UN | I41: 35 | J41: 225594 | K41: 7895790 | O41: =ROUND((+N41),0) -> 0 | P41: =ROUND((+O41*$I41),0) -> 0 | Q41: =IF(OR(P41<=0,P41>$K41),"ERROR","OK") -> ERROR
... C50: 8535 | D50: 3.132 | G50: TRATAMIENTO INTEGRAL DE ÁRBOLES MAYORES A 5M. (INCLUYE RIEGO, FERTILIZACIÓN EDÁFICA, MANO DE OBRA, PODA GENERAL Y RADICULAR). | H50: UN | I50: 215 | J50: 318285 | K50: 68431275 | O50: =ROUND((+N50),0) -> 0 | P50: =ROUND((+O50*$I50),0) -> 0 | Q50: =IF(OR(P50<=0,P50>$K50),"ERROR","OK") -> ERROR
G51: TUBERÍAS Y ACCESORIOS
C52: 4144 | D52: 3.133 | G52: TUBERIA PVC SANITARIA D=6" TIPO U.S. (INCLUYE SUMINISTRO E INSTALACIÓN) | H52: ML | I52: 758 | J52: 92443 | K52: 70071794 | O52: =ROUND((+N52),0) -> 0 | P52: =ROUND((+O52*$I52),0) -> 0 | Q52: =IF(OR(P52<=0,P52>$K52),"ERROR","OK") -> ERROR
C53: 5467 | D53: 3.134 | G53: TUBERIA PVC SANITARIA D=8`` TIPO U.S. (INCLUYE SUMINISTRO E INSTALACIÓN). | H53: ML | I53: 600 | J53: 159256 | K53: 95553600 | O53: =ROUND((+N53),0) -> 0 | P53: =ROUND((+O53*$I53),0) -> 0 | Q53: =IF(OR(P53<=0,P53>$K53),"ERROR","OK") -> ERROR
C54: 6518 | D54: 3.135 | G54: CODO 90° CXE PVC SANITARIA D=6" (INCLUYE SUMINISTRO E INSTALACIÓN). | H54: UN | I54: 75 | J54: 145988 | K54: 10949100 | O54: =ROUND((+N54),0) -> 0 | P54: =ROUND((+O54*$I54),0) -> 0 | Q54: =IF(OR(P54<=0,P54>$K54),"ERROR","OK") -> ERROR
C55: 7423 | D55: 3.136 | G55: TEE PVC U.M. 6" X 6" (SUMINISTRO E INSTALACIÓN) | H55: UN | I55: 75 | J55: 704757 | K55: 52856775 | O55: =ROUND((+N55),0) -> 0 | P55: =ROUND((+O55*$I55),0) -> 0 | Q55: =IF(OR(P55<=0,P55>$K55),"ERROR","OK") -> ERROR
C56: 6519 | D56: 3.137 | G56: TRAGANTE CÚPULA DE 6" X 4" EN ALUMINIO. INCLUYE SUMINISTRO E INSTALACIÓN | H56: UN | I56: 75 | J56: 27763 | K56: 2082225 | O56: =ROUND((+N56),0) -> 0 | P56: =ROUND((+O56*$I56),0) -> 0 | Q56: =IF(OR(P56<=0,P56>$K56),"ERROR","OK") -> ERROR
C57: 4417 | D57: 3.138 | G57: TAPON PVC TIPO U.M. D=6" (SUMINISTRO E INSTALACIÓN) | H57: UN | I57: 75 | J57: 218085 | K57: 16356375 | O57: =ROUND((+N57),0) -> 0 | P57: =ROUND((+O57*$I57),0) -> 0 | Q57: =IF(OR(P57<=0,P57>$K57),"ERROR","OK") -> ERROR
C58: 7865 | D58: 3.139 | G58: MARCO REJILLA SUMIDERO LATERAL 100 X 65 (SUMINISTRO E INSTALACIÓN) | H58: UN | I58: 170 | J58: 190000 | K58: 32300000 | O58: =ROUND((+N58),0) -> 0 | P58: =ROUND((+O58*$I58),0) -> 0 | Q58: =IF(OR(P58<=0,P58>$K58),"ERROR","OK") -> ERROR
C59: 7775 | D59: 3.14 | G59: GEOMEMBRANA LISA HDPE 30 MILS. (SUMINISTRO E INSTALACIÓN). | H59: M2 | I59: 1882 | J59: 15830 | K59: 29792060 | O59: =ROUND((+N59),0) -> 0 | P59: =ROUND((+O59*$I59),0) -> 0 | Q59: =IF(OR(P59<=0,P59>$K59),"ERROR","OK") -> ERROR
C60: 8779 | D60: 3.141 | G60: ANGEO PLÁSTICO (Suministro e instalación) | H60: M2 | I60: 26 | J60: 3313 | K60: 86138 | O60: =ROUND((+N60),0) -> 0 | P60: =ROUND((+O60*$I60),0) -> 0 | Q60: =IF(OR(P60<=0,P60>$K60),"ERROR","OK") -> ERROR
C61: 6510 | D61: 3.142 | G61: CONSTRUCCIÓN DE BORDILLO EN CONCRETO MR36 FUNDIDO IN SITU. INCLUYE LA PREPARACIÓN DE LA SUPERFICIE DE APOYO | H61: ML | I61: 68 | J61: 55295 | K61: 3760060 | O61: =ROUND((+N61),0) -> 0 | P61: =ROUND((+O61*$I61),0) -> 0 | Q61: =IF(OR(P61<=0,P61>$K61),"ERROR","OK") -> ERROR
C62: 8780 | D62: 3.143 | G62: ENROCADO EN PIEDRA PARTIDA CON DIÁMETROS DE 25 A 75 MM (Suministro y colocación) | H62: M3 | I62: 5 | J62: 84541 | K62: 422705 | O62: =ROUND((+N62),0) -> 0 | P62: =ROUND((+O62*$I62),0) -> 0 | Q62: =IF(OR(P62<=0,P62>$K62),"ERROR","OK") -> ERROR
G63: ESTRUCTURAS PARA SUDS
C64: 3649 | D64: 3.144 | G64: CONCRETO 2500 PSI (HECHO EN OBRA CON ARENA DE RÍO Y TRITURADO DE 3/4") | H64: M3 | I64: 431 | J64: 442909 | K64: 190893779 | O64: =ROUND((+N64),0) -> 0 | P64: =ROUND((+O64*$I64),0) -> 0 | Q64: =IF(OR(P64<=0,P64>$K64),"ERROR","OK") -> ERROR
C65: 8743 | D65: 3.145 | G65: CAJA DE INSPECCIÓN EN CONCRETO REFORZADO 28 MPa (Dimensiones internas: (1.0x1.0) m, H=2.36 m, e=0,2 m) (Incluye muros, concreto de limpieza e=0,05 m, placa de base e=0,20 m y placa de cubierta e=0,16 m, arobase y arotapa HF según NP-024 y pasos plásticos c/0.40. Suministro y construcción). | H65: UN | I65: 75 | J65: 4949403 | K65: 371205225 | O65: =ROUND((+N65),0) -> 0 | P65: =ROUND((+O65*$I65),0) -> 0 | Q65: =IF(OR(P65<=0,P65>$K65),"ERROR","OK") -> ERROR
G66: TURNO NOCTURNO
G67: SUDS
G68: EXCAVACIONES Y RELLENOS
C69: 4390 N | D69: 3,102-N | G69: EXCAVACIÓN MANUAL EN MATERIAL COMÚN (INCL CARGUE, TRANSPORTE Y DISPOSICION FINAL) | H69: M3 | I69: 488 | J69: 114433 | K69: 55843304 | O69: =ROUND((+N69),0) -> 0 | P69: =ROUND((+O69*$I69),0) -> 0 | Q69: =IF(OR(P69<=0,P69>$K69),"ERROR","OK") -> ERROR
G70: SUSTRATO DE SOPORTE
C71: 5708 N | D71: 3,103-N | G71: RELLENO EN ARENA DE RIO. INCLUYE TRANSPORTE, SUMINISTRO, EXTENDIDO MANUAL Y COMPACTACION. | H71: M3 | I71: 84 | J71: 208218 | K71: 17490312 | O71: =ROUND((+N71),0) -> 0 | P71: =ROUND((+O71*$I71),0) -> 0 | Q71: =IF(OR(P71<=0,P71>$K71),"ERROR","OK") -> ERROR
C72: 8790 N | D72: 3,104-N | G72: PIEDRA PÓMEZ (Incluye suministro, transporte y extendido manual) | H72: M3 | I72: 15 | J72: 2236481 | K72: 33547215 | O72: =ROUND((+N72),0) -> 0 | P72: =ROUND((+O72*$I72),0) -> 0 | Q72: =IF(OR(P72<=0,P72>$K72),"ERROR","OK") -> ERROR
C73: 8789 N | D73: 3,105-N | G73: ABONO ORGÁNICO COMPOST (Incluye suministro, transporte y extendido manual) | H73: M3 | I73: 31 | J73: 11487550 | K73: 356114050 | O73: =ROUND((+N73),0) -> 0 | P73: =ROUND((+O73*$I73),0) -> 0 | Q73: =IF(OR(P73<=0,P73>$K73),"ERROR","OK") -> ERROR
C74: 3018 N | D74: 3,106-N | G74: RELLENO EN TIERRA NEGRA PARA EMPRADIZACION (SUMINISTRO Y EXTENDIDO) | H74: M3 | I74: 23 | J74: 79637 | K74: 1831651 | O74: =ROUND((+N74),0) -> 0 | P74: =ROUND((+O74*$I74),0) -> 0 | Q74: =IF(OR(P74<=0,P74>$K74),"ERROR","OK") -> ERROR
G75: CAPA FILTRANTE
C76: 5708 N | D76: 3,107-N | G76: RELLENO EN ARENA DE RIO. INCLUYE TRANSPORTE, SUMINISTRO, EXTENDIDO MANUAL Y COMPACTACION. | H76: M3 | I76: 64 | J76: 208218 | K76: 13325952 | O76: =ROUND((+N76),0) -> 0 | P76: =ROUND((+O76*$I76),0) -> 0 | Q76: =IF(OR(P76<=0,P76>$K76),"ERROR","OK") -> ERROR
G77: CAPA DE DRENAJE
C78: 5412 N | D78: 3,108-N | G78: RELLENO EN TRITURADO DE 3/4`` (INCLUYE TRANSPORTE, SUMINISTRO, EXTENDIDO MANUAL Y COLOCACIÓN) | H78: M3 | I78: 77 | J78: 146498 | K78: 11280346 | O78: =ROUND((+N78),0) -> 0 | P78: =ROUND((+O78*$I78),0) -> 0 | Q78: =IF(OR(P78<=0,P78>$K78),"ERROR","OK") -> ERROR
G79: COBERTURA VEGETAL PARA SIEMBRA CÉSPED
C80: 4798 N | D80: 3,109-N | G80: CHICALA H=1.5MT (INCLUYE SIEMBRA, CAJA, TIERRA, ABONO, TUTOR, TRANSPORTE Y DISPOSICIÓN FINAL DE ESCOMBROS 28 KM). SUMINISTRO Y PLANTACION. | H80: UN | I80: 21 | J80: 188711 | K80: 3962931 | O80: =ROUND((+N80),0) -> 0 | P80: =ROUND((+O80*$I80),0) -> 0 | Q80: =IF(OR(P80<=0,P80>$K80),"ERROR","OK") -> ERROR
C81: 4888 N | D81: 3,11-N | G81: YARUMO H= 1.5M (INCLUYE SIEMBRA, CAJA, TIERRA NEGRA, ABONO Y TUTOR. INCLUYE TRANSPORTE Y DISPOSICIÓN FINAL DE ESCOMBROS EN SITIO AUTORIZADO (DISTANCIA DE TRANSPORTE 28 KM). SUMINISTRO Y PLANTACION. | H81: UN | I81: 35 | J81: 228617 | K81: 8001595 | O81: =ROUND((+N81),0) -> 0 | P81: =ROUND((+O81*$I81),0) -> 0 | Q81: =IF(OR(P81<=0,P81>$K81),"ERROR","OK") -> ERROR
C82: 7644 N | D82: 3,111-N | G82: JARDINERÍA DE PORTE ALTO. INCLUYE SUMINISTRO, SIEMBRA, TIERRA NEGRA Y ABONO. EN BOLSA DE 26" DE ALTURA DE 50CM A 80CM | H82: M2 | I82: 187 | J82: 495324 | K82: 92625588 | O82: =ROUND((+N82),0) -> 0 | P82: =ROUND((+O82*$I82),0) -> 0 | Q82: =IF(OR(P82<=0,P82>$K82),"ERROR","OK") -> ERROR
G83: VEGETACIÓN Y PAISAJISMO
C84: 4800 N | D84: 3,112-N | G84: JAZMIN CHINO H=1.5MT (INCLUYE SIEMBRA, CAJA, TIERRA, ABONO, TUTOR, TRANSPORTE Y DISPOSICIÓN FINAL DE ESCOMBROS 28KM. SUMINISTRO Y PLANTACION. | H84: UN | I84: 12 | J84: 218943 | K84: 2627316 | O84: =ROUND((+N84),0) -> 0 | P84: =ROUND((+O84*$I84),0) -> 0 | Q84: =IF(OR(P84<=0,P84>$K84),"ERROR","OK") -> ERROR
C85: 8094 N | D85: 3,113-N | G85: PINO ROMERON H=1.5M (INCLUYE EXCAVACIÓN MANUAL, SIEMBRA, CAJA, TIERRA, ABONO, TUTOR, TRANSPORTE Y DISPOSICIÓN FINAL DE ESCOMBROS EN SITIO AUTORIZADO A 28 KM). SUMINISTRO Y PLANTACIÓN. | H85: UN | I85: 12 | J85: 396902 | K85: 4762824 | O85: =ROUND((+N85),0) -> 0 | P85: =ROUND((+O85*$I85),0) -> 0 | Q85: =IF(OR(P85<=0,P85>$K85),"ERROR","OK") -> ERROR
C86: 5036 N | D86: 3,114-N | G86: GUAYACAN H=1.5MT (INCLUYE TIERRA, ABONO, TUTOR, TRANSPORTE Y DISPOSICIÓN FINAL DE ESCOMBROS A 28 KM). SUMINISTRO Y PLANTACION. | H86: UN | I86: 12 | J86: 238896 | K86: 2866752 | O86: =ROUND((+N86),0) -> 0 | P86: =ROUND((+O86*$I86),0) -> 0 | Q86: =IF(OR(P86<=0,P86>$K86),"ERROR","OK") -> ERROR
C87: 4884 N | D87: 3,115-N | G87: NOGAL H= 1.5M (INCLUYE SIEMBRA, CAJA, TIERRA NEGRA, ABONO Y TUTOR. INCLUYE TRANSPORTE Y DISPOSICIÓN FINAL DE ESCOMBROS EN SITIO AUTORIZADO (DISTANCIA DE TRANSPORTE 28 KM). SUMINISTRO Y PLANTACION. | H87: UN | I87: 12 | J87: 226683 | K87: 2720196 | O87: =ROUND((+N87),0) -> 0 | P87: =ROUND((+O87*$I87),0) -> 0 | Q87: =IF(OR(P87<=0,P87>$K87),"ERROR","OK") -> ERROR
C88: 7047 N | D88: 3,116-N | G88: LIQUIDAMBAR H=2.5M (INCLUYE EXCAVACIÓN MANUAL, SIEMBRA, CAJA, TIERRA, ABONO, TUTOR, TRANSPORTE Y DISPOSICIÓN FINAL DE ESCOMBROS EN SITIO AUTORIZADO A 28 KM). SUMINISTRO Y PLANTACION. | H88: UN | I88: 12 | J88: 468727 | K88: 5624724 | O88: =ROUND((+N88),0) -> 0 | P88: =ROUND((+O88*$I88),0) -> 0 | Q88: =IF(OR(P88<=0,P88>$K88),"ERROR","OK") -> ERROR
C89: 4798 N | D89: 3,117-N | G89: CHICALA H=1.5MT (INCLUYE SIEMBRA, CAJA, TIERRA, ABONO, TUTOR, TRANSPORTE Y DISPOSICIÓN FINAL DE ESCOMBROS 28 KM). SUMINISTRO Y PLANTACION. | H89: UN | I89: 12 | J89: 188711 | K89: 2264532 | O89: =ROUND((+N89),0) -> 0 | P89: =ROUND((+O89*$I89),0) -> 0 | Q89: =IF(OR(P89<=0,P89>$K89),"ERROR","OK") -> ERROR
C90: 5045 N | D90: 3,118-N | G90: FALSO PIMIENTO H=1.3M (INCLUYE SIEMBRA, TIERRA, ABONO Y TUTOR) INCLUYE TRANSPORTE Y DISPOSICIÓN FINAL DE ESCOMBROS EN SITIO AUTORIZADO A 28 KM). SUMINISTRO Y PLANTACION. | H90: UN | I90: 12 | J90: 226199 | K90: 2714388 | O90: =ROUND((+N90),0) -> 0 | P90: =ROUND((+O90*$I90),0) -> 0 | Q90: =IF(OR(P90<=0,P90>$K90),"ERROR","OK") -> ERROR
C91: 5038 N | D91: 3,119-N | G91: CARBONERO H=1.5MT (INCLUYE TIERRA, ABONO, TUTOR, TRANSPORTE Y DISPOSICIÓN FINAL DE ESCOMBROS A 28 KM). SUMINISTRO Y PLANTACION. | H91: UN | I91: 12 | J91: 230431 | K91: 2765172 | O91: =ROUND((+N91),0) -> 0 | P91: =ROUND((+O91*$I91),0) -> 0 | Q91: =IF(OR(P91<=0,P91>$K91),"ERROR","OK") -> ERROR
C92: 7379 N | D92: 3,12-N | G92: PALMA DE CERA (INCLUYE SIEMBRA Y TIERRA NEGRA, TRANSPORTE Y DISPOSICIÓN FINAL DE ESCOMBROS EN SITIO AUTORIZADO). DISTANCIA DE TRANSPORTE 28 KM. SUMINISTRO Y PLANTACIÓN | H92: UN | I92: 12 | J92: 443334 | K92: 5320008 | O92: =ROUND((+N92),0) -> 0 | P92: =ROUND((+O92*$I92),0) -> 0 | Q92: =IF(OR(P92<=0,P92>$K92),"ERROR","OK") -> ERROR
C93: 5032 N | D93: 3,121-N | G93: FUCCIA H=1.3MT (INCLUYE TIERRA, ABONO, TUTOR, TRANSPORTE Y DISPOSICIÓN FINAL DE ESCOMBROS A 28 KM). SUMINISTRO Y PLANTACION. | H93: UN | I93: 12 | J93: 225594 | K93: 2707128 | O93: =ROUND((+N93),0) -> 0 | P93: =ROUND((+O93*$I93),0) -> 0 | Q93: =IF(OR(P93<=0,P93>$K93),"ERROR","OK") -> ERROR
C94: 4797 N | D94: 3,122-N | G94: EUCALIPTO POMARROSO H=1.5MT (INCLUYE SIEMBRA, CAJA, TIERRA, ABONO, TUTOR, TRANSPORTE Y DISPOSICIÓN FINA DE ESCOMBROS A 21 KM). SUMINISTRO Y PLANTACION. | H94: UN | I94: 12 | J94: 221741 | K94: 2660892 | O94: =ROUND((+N94),0) -> 0 | P94: =ROUND((+O94*$I94),0) -> 0 | Q94: =IF(OR(P94<=0,P94>$K94),"ERROR","OK") -> ERROR
C95: 4886 N | D95: 3,123-N | G95: CAUCHO SABANERO H= 1.5M (INCLUYE SIEMBRA, CAJA, TIERRA NEGRA, ABONO Y TUTOR. INCLUYE TRANSPORTE Y DISPOSICIÓN FINAL DE ESCOMBROS EN SITIO AUTORIZADO (DISTANCIA DE TRANSPORTE 28 KM). SUMINISTRO Y PLANTACION. | H95: UN | I95: 12 | J95: 225594 | K95: 2707128 | O95: =ROUND((+N95),0) -> 0 | P95: =ROUND((+O95*$I95),0) -> 0 | Q95: =IF(OR(P95<=0,P95>$K95),"ERROR","OK") -> ERROR
... C104: 8535 N | D104: 3,132-N | G104: TRATAMIENTO INTEGRAL DE ÁRBOLES MAYORES A 5M. (INCLUYE RIEGO, FERTILIZACIÓN EDÁFICA, MANO DE OBRA, PODA GENERAL Y RADICULAR). | H104: UN | I104: 72 | J104: 318285 | K104: 22916520 | O104: =ROUND((+N104),0) -> 0 | P104: =ROUND((+O104*$I104),0) -> 0 | Q104: =IF(OR(P104<=0,P104>$K104),"ERROR","OK") -> ERROR
G105: TUBERÍAS Y ACCESORIOS
C106: 4144 N | D106: 3,133-N | G106: TUBERIA PVC SANITARIA D=6" TIPO U.S. (INCLUYE SUMINISTRO E INSTALACIÓN) | H106: ML | I106: 253 | J106: 93019 | K106: 23533807 | O106: =ROUND((+N106),0) -> 0 | P106: =ROUND((+O106*$I106),0) -> 0 | Q106: =IF(OR(P106<=0,P106>$K106),"ERROR","OK") -> ERROR
C107: 5467 N | D107: 3,134-N | G107: TUBERIA PVC SANITARIA D=8`` TIPO U.S. (INCLUYE SUMINISTRO E INSTALACIÓN). | H107: ML | I107: 200 | J107: 159914 | K107: 31982800 | O107: =ROUND((+N107),0) -> 0 | P107: =ROUND((+O107*$I107),0) -> 0 | Q107: =IF(OR(P107<=0,P107>$K107),"ERROR","OK") -> ERROR
C108: 6518 N | D108: 3,135-N | G108: CODO 90° CXE PVC SANITARIA D=6" (INCLUYE SUMINISTRO E INSTALACIÓN). | H108: UN | I108: 25 | J108: 146646 | K108: 3666150 | O108: =ROUND((+N108),0) -> 0 | P108: =ROUND((+O108*$I108),0) -> 0 | Q108: =IF(OR(P108<=0,P108>$K108),"ERROR","OK") -> ERROR
C109: 7423 N | D109: 3,136-N | G109: TEE PVC U.M. 6" X 6" (SUMINISTRO E INSTALACIÓN) | H109: UN | I109: 25 | J109: 711337 | K109: 17783425 | O109: =ROUND((+N109),0) -> 0 | P109: =ROUND((+O109*$I109),0) -> 0 | Q109: =IF(OR(P109<=0,P109>$K109),"ERROR","OK") -> ERROR
C110: 6519 N | D110: 3,137-N | G110: TRAGANTE CÚPULA DE 6" X 4" EN ALUMINIO. INCLUYE SUMINISTRO E INSTALACIÓN | H110: UN | I110: 25 | J110: 27999 | K110: 699975 | O110: =ROUND((+N110),0) -> 0 | P110: =ROUND((+O110*$I110),0) -> 0 | Q110: =IF(OR(P110<=0,P110>$K110),"ERROR","OK") -> ERROR
C111: 4417 N | D111: 3,138-N | G111: TAPON PVC TIPO U.M. D=6" (SUMINISTRO E INSTALACIÓN) | H111: UN | I111: 25 | J111: 221670 | K111: 5541750 | O111: =ROUND((+N111),0) -> 0 | P111: =ROUND((+O111*$I111),0) -> 0 | Q111: =IF(OR(P111<=0,P111>$K111),"ERROR","OK") -> ERROR
C112: 7865 N | D112: 3,139-N | G112: MARCO REJILLA SUMIDERO LATERAL 100 X 65 (SUMINISTRO E INSTALACIÓN) | H112: UN | I112: 57 | J112: 192741 | K112: 10986237 | O112: =ROUND((+N112),0) -> 0 | P112: =ROUND((+O112*$I112),0) -> 0 | Q112: =IF(OR(P112<=0,P112>$K112),"ERROR","OK") -> ERROR
C113: 7775 N | D113: 3,14-N | G113: GEOMEMBRANA LISA HDPE 30 MILS. (SUMINISTRO E INSTALACIÓN). | H113: M2 | I113: 627 | J113: 15830 | K113: 9925410 | O113: =ROUND((+N113),0) -> 0 | P113: =ROUND((+O113*$I113),0) -> 0 | Q113: =IF(OR(P113<=0,P113>$K113),"ERROR","OK") -> ERROR
C114: 8779 N | D114: 3,141-N | G114: ANGEO PLÁSTICO (Suministro e instalación) | H114: M2 | I114: 9 | J114: 3853 | K114: 34677 | O114: =ROUND((+N114),0) -> 0 | P114: =ROUND((+O114*$I114),0) -> 0 | Q114: =IF(OR(P114<=0,P114>$K114),"ERROR","OK") -> ERROR
C115: 6510 N | D115: 3,142-N | G115: CONSTRUCCIÓN DE BORDILLO EN CONCRETO MR36 FUNDIDO IN SITU. INCLUYE LA PREPARACIÓN DE LA SUPERFICIE DE APOYO | H115: ML | I115: 23 | J115: 58008 | K115: 1334184 | O115: =ROUND((+N115),0) -> 0 | P115: =ROUND((+O115*$I115),0) -> 0 | Q115: =IF(OR(P115<=0,P115>$K115),"ERROR","OK") -> ERROR
C116: 8780 N | D116: 3,143-N | G116: ENROCADO EN PIEDRA PARTIDA CON DIÁMETROS DE 25 A 75 MM (Suministro y colocación) | H116: M3 | I116: 2 | J116: 87913 | K116: 175826 | O116: =ROUND((+N116),0) -> 0 | P116: =ROUND((+O116*$I116),0) -> 0 | Q116: =IF(OR(P116<=0,P116>$K116),"ERROR","OK") -> ERROR
G117: ESTRUCTURAS PARA SUDS
C118: 3649 N | D118: 3,144-N | G118: CONCRETO 2500 PSI (HECHO EN OBRA CON ARENA DE RÍO Y TRITURADO DE 3/4") | H118: M3 | I118: 144 | J118: 461246 | K118: 66419424 | O118: =ROUND((+N118),0) -> 0 | P118: =ROUND((+O118*$I118),0) -> 0 | Q118: =IF(OR(P118<=0,P118>$K118),"ERROR","OK") -> ERROR
C119: 8743 N | D119: 3,145-N | G119: CAJA DE INSPECCIÓN EN CONCRETO REFORZADO 28 MPa (Dimensiones internas: (1.0x1.0) m, H=2.36 m, e=0,2 m) (Incluye muros, concreto de limpieza e=0,05 m, placa de base e=0,20 m y placa de cubierta e=0,16 m, arobase y arotapa HF según NP-024 y pasos plásticos c/0.40. Suministro y construcción). | H119: UN | I119: 25 | J119: 5080981 | K119: 127024525 | O119: =ROUND((+N119),0) -> 0 | P119: =ROUND((+O119*$I119),0) -> 0 | Q119: =IF(OR(P119<=0,P119>$K119),"ERROR","OK") -> ERROR
C120: Subtotal | K120: 4554296107 | P120: =SUM(P12:P119) -> 0 | Q120: =IF(OR(P120<=0,P120>$K120,COUNTIF(Q12:Q119,"error")>0),"ERROR","OK") -> ERROR
...

Sheet INDICAR CÓDIGO DEL ITEM DE PAGO
B2: Código | C2: CCE-EICP-FM-14 | D2: Versión | E2: 2
B4: [La entidad podrá utilizar este formato para la presentación de los análisis de precios unitarios del contratista en la oportunidad prevista en el numeral 8.1. del Documento Base]
C7: [NOMBRE DE LA ENTIDAD]
K8: VERSIÓN
C9: [NÚMERO DEL PROCESO]
K10: PÁGINA | L10: 1 | M10: DE | N10: 1
C12: ANALISIS DE PRECIOS UNITARIOS
K14: FECHA | L14: DD | M14: MM | N14: AA
B16: ÍTEMS DE LA PROPUESTA ECONÓMICA | H16: ÍTEMS NO PREVISTOS
B20: DATOS ESPECÍFICOS
B22: ÍTEM | C22: DESCRIPCIÓN | L22: UNIDAD | N22: CANTIDAD
B24: I. EQUIPO
B27: DESCRIPCIÓN | G27: MARCA | I27: TIPO | K27: TARIFA/HORA | L27: RENDIMIENTO | N27: Vr. UNITARIO
B31: SUBTOTAL $
B32: II. MATERIALES
B35: DESCRIPCIÓN | J35: UNIDAD | K35: CANTIDAD | L35: PRECIO UNIT. | N35: Vr. UNITARIO
B38: SUBTOTAL $ | N38: 0
B39: III. TRANSPORTES
B42: MATERIAL | I42: VOL. o PESO | J42: DISTANCIA | K42: M3 o Ton/Km | L42: TARIFA | N42: Vr. UNITARIO
B45: SUBTOTAL $
B46: IV. MANO DE OBRA
B49: TRABAJADOR | I49: JORNAL | J49: PRESTACIONES | K49: JORNAL TOTAL | L49: RENDIMIENTO | N49: Vr. UNITARIO
B54: SUBTOTAL $
B56: TOTAL COSTO DIRECTO $
B57: V. COSTOS INDIRECTOS
B60: Descripción | K60: Porcentaje | L60: Valor Total
B61: ADMINISTRACION
B62: IMPREVISTOS
B63: UTILIDAD
B64: SUBTOTAL $
B66: Precio Unitario Total Aproximado al peso $
G70: Firma
G71: Nombre:
G72: Representante Legal del Contratista o su Apoderado
G73: Matricula No. :
B75: OBSERVACIONES INTERVENTORÍA
B79: APROBACIÓN POR INTERVENTORÍA
B80: Nota 1: Cuando se trate de Análisis de precios unitarios correspondientes a ítems de la propuesta económica aprobada, el Interventor aprueba el desglose de los componentes manteniendo el mismo precio unitario de cada ítem, cumpliendo con las especificaciones de construcción vigentes para el proyecto.
B82: Nota 2: Cuando se trate de Análisis de precios unitarios de ítems no previstos, el Interventor aprueba el desglose y precio unitario de cada ítem no previsto, exigiendo la aplicación de los costos correspondientes a insumos y tarifas de la propuesta económica inicial cuando estén contemplados, cumpliendo con las especificaciones de construcción vigente para el proyecto.
G85: Firma
G86: Nombre:
G87: Representante Legal del Interventor o su Apoderado
G88: Matricula No. :
